Workbook

Sheet 发货单
A1: 山东锐泽通 · 发货单（Excel 模板）
A2: 填法：① 先填表头 → ② 下面四组，每组顶上选「销售公司」，在「搜产品」里打两三个字，再到产品行的「产品名称」下拉里点选（下拉里只剩这家公司、含这几个字的）→ ③ 只改「数量（箱）」，重量金额自动算 → ④ 存盘，到 H5 点「导入 Excel」
A3: 客户名称 | E3: 搜客户 | I3: =IF($B$3="","← 先在这里打字（名称/编码都行）再点 B 列下拉，也可直接往 B 列打编码",IFERROR("✅ "&INDEX(客户库!$A$2:$A$13220,MATCH($B$3,客户库!$A$2:$A$13220,0))&"（"&INDEX(客户库!$B$2:$B$13220,MATCH($B$3,客户库!$A$2:$A$13220,0))&"）",IFERROR("✅ "&INDEX(客户库!$A$2:$A$13220,MATCH($B$3,客户库!$B$2:$B$13220,0))&"（"&$B$3&"）","⚠ 未匹配：换个字重选，或核对编码")))
A4: 客户编码 | B4: =IF($B$3="","",IFERROR(INDEX(客户库!$B$2:$B$13220,MATCH($B$3,客户库!$A$2:$A$13220,0)),IF(COUNTIF(客户库!$B$2:$B$13220,$B$3)>0,$B$3,""))) | E4: ← 自动带出，不用填
A5: 终端客户 | E5: 搜终端 | I5: =IF($B$5="","← 选填：货最终送到哪家店",IF(COUNTIF(终端客户库!$A$2:$A$1492,$B$5)>0,"✅ "&$B$5,"⚠ 终端库里没有（选填，可忽略）"))
A6: 渠道
A7: 提货工厂
A8: 车牌号
A9: 客户电话
A10: 卸货地址
A11: 业务人员
A12: 业务人员电话
A13: 物流联系人
A14: 物流联系人电话
A15: 发货日期
A16: 备注
A18: 第1组 | D18: 🔍 搜产品 | G18: ← 先选公司，再搜产品，最后点下拉 | J18: =IF($B18="","先选销售公司","匹配 "&'搜索'!H$1&" 条")
A19: 序号 | B19: 产品名称 | C19: 包装规格 | D19: 单件重量(kg/箱) | E19: 数量（箱） | F19: 重量（kg） | G19: 单价（元/kg） | H19: 金额（元） | I19: 物料编码 | J19: 装车地点
A20: 1 | C20: =IF($B20="","",IFERROR(VLOOKUP($B20,产品库!$A$2:$F$5305,3,FALSE),IFERROR(VLOOKUP($B20,产品库!$B$2:$F$5305,2,FALSE),""))) | D20: =IF($B20="","",IFERROR(VLOOKUP($B20,产品库!$A$2:$F$5305,4,FALSE),IFERROR(VLOOKUP($B20,产品库!$B$2:$F$5305,3,FALSE),""))) | F20: =IF(OR($E20="",$D20=""),"",ROUND($E20*$D20,3)) | H20: =IF(OR($F20="",$G20=""),"",ROUND($F20*$G20,2)) | I20: =IF($B20="","",IFERROR(VLOOKUP($B20,产品库!$A$2:$F$5305,2,FALSE),IF(COUNTIF(产品库!$B$2:$B$5305,$B20)>0,$B20,""))) | L20: =IF($B20="","",COUNT($L$18:$L19)+1)
A21: 2 | C21: =IF($B21="","",IFERROR(VLOOKUP($B21,产品库!$A$2:$F$5305,3,FALSE),IFERROR(VLOOKUP($B21,产品库!$B$2:$F$5305,2,FALSE),""))) | D21: =IF($B21="","",IFERROR(VLOOKUP($B21,产品库!$A$2:$F$5305,4,FALSE),IFERROR(VLOOKUP($B21,产品库!$B$2:$F$5305,3,FALSE),""))) | F21: =IF(OR($E21="",$D21=""),"",ROUND($E21*$D21,3)) | H21: =IF(OR($F21="",$G21=""),"",ROUND($F21*$G21,2)) | I21: =IF($B21="","",IFERROR(VLOOKUP($B21,产品库!$A$2:$F$5305,2,FALSE),IF(COUNTIF(产品库!$B$2:$B$5305,$B21)>0,$B21,""))) | L21: =IF($B21="","",COUNT($L$18:$L20)+1)
A22: 3 | C22: =IF($B22="","",IFERROR(VLOOKUP($B22,产品库!$A$2:$F$5305,3,FALSE),IFERROR(VLOOKUP($B22,产品库!$B$2:$F$5305,2,FALSE),""))) | D22: =IF($B22="","",IFERROR(VLOOKUP($B22,产品库!$A$2:$F$5305,4,FALSE),IFERROR(VLOOKUP($B22,产品库!$B$2:$F$5305,3,FALSE),""))) | F22: =IF(OR($E22="",$D22=""),"",ROUND($E22*$D22,3)) | H22: =IF(OR($F22="",$G22=""),"",ROUND($F22*$G22,2)) | I22: =IF($B22="","",IFERROR(VLOOKUP($B22,产品库!$A$2:$F$5305,2,FALSE),IF(COUNTIF(产品库!$B$2:$B$5305,$B22)>0,$B22,""))) | L22: =IF($B22="","",COUNT($L$18:$L21)+1)
A23: 4 | C23: =IF($B23="","",IFERROR(VLOOKUP($B23,产品库!$A$2:$F$5305,3,FALSE),IFERROR(VLOOKUP($B23,产品库!$B$2:$F$5305,2,FALSE),""))) | D23: =IF($B23="","",IFERROR(VLOOKUP($B23,产品库!$A$2:$F$5305,4,FALSE),IFERROR(VLOOKUP($B23,产品库!$B$2:$F$5305,3,FALSE),""))) | F23: =IF(OR($E23="",$D23=""),"",ROUND($E23*$D23,3)) | H23: =IF(OR($F23="",$G23=""),"",ROUND($F23*$G23,2)) | I23: =IF($B23="","",IFERROR(VLOOKUP($B23,产品库!$A$2:$F$5305,2,FALSE),IF(COUNTIF(产品库!$B$2:$B$5305,$B23)>0,$B23,""))) | L23: =IF($B23="","",COUNT($L$18:$L22)+1)
A24: 5 | C24: =IF($B24="","",IFERROR(VLOOKUP($B24,产品库!$A$2:$F$5305,3,FALSE),IFERROR(VLOOKUP($B24,产品库!$B$2:$F$5305,2,FALSE),""))) | D24: =IF($B24="","",IFERROR(VLOOKUP($B24,产品库!$A$2:$F$5305,4,FALSE),IFERROR(VLOOKUP($B24,产品库!$B$2:$F$5305,3,FALSE),""))) | F24: =IF(OR($E24="",$D24=""),"",ROUND($E24*$D24,3)) | H24: =IF(OR($F24="",$G24=""),"",ROUND($F24*$G24,2)) | I24: =IF($B24="","",IFERROR(VLOOKUP($B24,产品库!$A$2:$F$5305,2,FALSE),IF(COUNTIF(产品库!$B$2:$B$5305,$B24)>0,$B24,""))) | L24: =IF($B24="","",COUNT($L$18:$L23)+1)
A25: 6 | C25: =IF($B25="","",IFERROR(VLOOKUP($B25,产品库!$A$2:$F$5305,3,FALSE),IFERROR(VLOOKUP($B25,产品库!$B$2:$F$5305,2,FALSE),""))) | D25: =IF($B25="","",IFERROR(VLOOKUP($B25,产品库!$A$2:$F$5305,4,FALSE),IFERROR(VLOOKUP($B25,产品库!$B$2:$F$5305,3,FALSE),""))) | F25: =IF(OR($E25="",$D25=""),"",ROUND($E25*$D25,3)) | H25: =IF(OR($F25="",$G25=""),"",ROUND($F25*$G25,2)) | I25: =IF($B25="","",IFERROR(VLOOKUP($B25,产品库!$A$2:$F$5305,2,FALSE),IF(COUNTIF(产品库!$B$2:$B$5305,$B25)>0,$B25,""))) | L25: =IF($B25="","",COUNT($L$18:$L24)+1)
A26: 7 | C26: =IF($B26="","",IFERROR(VLOOKUP($B26,产品库!$A$2:$F$5305,3,FALSE),IFERROR(VLOOKUP($B26,产品库!$B$2:$F$5305,2,FALSE),""))) | D26: =IF($B26="","",IFERROR(VLOOKUP($B26,产品库!$A$2:$F$5305,4,FALSE),IFERROR(VLOOKUP($B26,产品库!$B$2:$F$5305,3,FALSE),""))) | F26: =IF(OR($E26="",$D26=""),"",ROUND($E26*$D26,3)) | H26: =IF(OR($F26="",$G26=""),"",ROUND($F26*$G26,2)) | I26: =IF($B26="","",IFERROR(VLOOKUP($B26,产品库!$A$2:$F$5305,2,FALSE),IF(COUNTIF(产品库!$B$2:$B$5305,$B26)>0,$B26,""))) | L26: =IF($B26="","",COUNT($L$18:$L25)+1)
A27: 8 | C27: =IF($B27="","",IFERROR(VLOOKUP($B27,产品库!$A$2:$F$5305,3,FALSE),IFERROR(VLOOKUP($B27,产品库!$B$2:$F$5305,2,FALSE),""))) | D27: =IF($B27="","",IFERROR(VLOOKUP($B27,产品库!$A$2:$F$5305,4,FALSE),IFERROR(VLOOKUP($B27,产品库!$B$2:$F$5305,3,FALSE),""))) | F27: =IF(OR($E27="",$D27=""),"",ROUND($E27*$D27,3)) | H27: =IF(OR($F27="",$G27=""),"",ROUND($F27*$G27,2)) | I27: =IF($B27="","",IFERROR(VLOOKUP($B27,产品库!$A$2:$F$5305,2,FALSE),IF(COUNTIF(产品库!$B$2:$B$5305,$B27)>0,$B27,""))) | L27: =IF($B27="","",COUNT($L$18:$L26)+1)
A28: 9 | C28: =IF($B28="","",IFERROR(VLOOKUP($B28,产品库!$A$2:$F$5305,3,FALSE),IFERROR(VLOOKUP($B28,产品库!$B$2:$F$5305,2,FALSE),""))) | D28: =IF($B28="","",IFERROR(VLOOKUP($B28,产品库!$A$2:$F$5305,4,FALSE),IFERROR(VLOOKUP($B28,产品库!$B$2:$F$5305,3,FALSE),""))) | F28: =IF(OR($E28="",$D28=""),"",ROUND($E28*$D28,3)) | H28: =IF(OR($F28="",$G28=""),"",ROUND($F28*$G28,2)) | I28: =IF($B28="","",IFERROR(VLOOKUP($B28,产品库!$A$2:$F$5305,2,FALSE),IF(COUNTIF(产品库!$B$2:$B$5305,$B28)>0,$B28,""))) | L28: =IF($B28="","",COUNT($L$18:$L27)+1)
A29: 10 | C29: =IF($B29="","",IFERROR(VLOOKUP($B29,产品库!$A$2:$F$5305,3,FALSE),IFERROR(VLOOKUP($B29,产品库!$B$2:$F$5305,2,FALSE),""))) | D29: =IF($B29="","",IFERROR(VLOOKUP($B29,产品库!$A$2:$F$5305,4,FALSE),IFERROR(VLOOKUP($B29,产品库!$B$2:$F$5305,3,FALSE),""))) | F29: =IF(OR($E29="",$D29=""),"",ROUND($E29*$D29,3)) | H29: =IF(OR($F29="",$G29=""),"",ROUND($F29*$G29,2)) | I29: =IF($B29="","",IFERROR(VLOOKUP($B29,产品库!$A$2:$F$5305,2,FALSE),IF(COUNTIF(产品库!$B$2:$B$5305,$B29)>0,$B29,""))) | L29: =IF($B29="","",COUNT($L$18:$L28)+1)
A30: 11 | C30: =IF($B30="","",IFERROR(VLOOKUP($B30,产品库!$A$2:$F$5305,3,FALSE),IFERROR(VLOOKUP($B30,产品库!$B$2:$F$5305,2,FALSE),""))) | D30: =IF($B30="","",IFERROR(VLOOKUP($B30,产品库!$A$2:$F$5305,4,FALSE),IFERROR(VLOOKUP($B30,产品库!$B$2:$F$5305,3,FALSE),""))) | F30: =IF(OR($E30="",$D30=""),"",ROUND($E30*$D30,3)) | H30: =IF(OR($F30="",$G30=""),"",ROUND($F30*$G30,2)) | I30: =IF($B30="","",IFERROR(VLOOKUP($B30,产品库!$A$2:$F$5305,2,FALSE),IF(COUNTIF(产品库!$B$2:$B$5305,$B30)>0,$B30,""))) | L30: =IF($B30="","",COUNT($L$18:$L29)+1)
A31: 12 | C31: =IF($B31="","",IFERROR(VLOOKUP($B31,产品库!$A$2:$F$5305,3,FALSE),IFERROR(VLOOKUP($B31,产品库!$B$2:$F$5305,2,FALSE),""))) | D31: =IF($B31="","",IFERROR(VLOOKUP($B31,产品库!$A$2:$F$5305,4,FALSE),IFERROR(VLOOKUP($B31,产品库!$B$2:$F$5305,3,FALSE),""))) | F31: =IF(OR($E31="",$D31=""),"",ROUND($E31*$D31,3)) | H31: =IF(OR($F31="",$G31=""),"",ROUND($F31*$G31,2)) | I31: =IF($B31="","",IFERROR(VLOOKUP($B31,产品库!$A$2:$F$5305,2,FALSE),IF(COUNTIF(产品库!$B$2:$B$5305,$B31)>0,$B31,""))) | L31: =IF($B31="","",COUNT($L$18:$L30)+1)
... A39: 20 | C39: =IF($B39="","",IFERROR(VLOOKUP($B39,产品库!$A$2:$F$5305,3,FALSE),IFERROR(VLOOKUP($B39,产品库!$B$2:$F$5305,2,FALSE),""))) | D39: =IF($B39="","",IFERROR(VLOOKUP($B39,产品库!$A$2:$F$5305,4,FALSE),IFERROR(VLOOKUP($B39,产品库!$B$2:$F$5305,3,FALSE),""))) | F39: =IF(OR($E39="",$D39=""),"",ROUND($E39*$D39,3)) | H39: =IF(OR($F39="",$G39=""),"",ROUND($F39*$G39,2)) | I39: =IF($B39="","",IFERROR(VLOOKUP($B39,产品库!$A$2:$F$5305,2,FALSE),IF(COUNTIF(产品库!$B$2:$B$5305,$B39)>0,$B39,""))) | L39: =IF($B39="","",COUNT($L$18:$L38)+1)
B40: 小计 | E40: =SUM(E20:E39) | F40: =SUM(F20:F39) | H40: =SUM(H20:H39)
A42: 第2组 | D42: 🔍 搜产品 | G42: ← 先选公司，再搜产品，最后点下拉 | J42: =IF($B42="","先选销售公司","匹配 "&'搜索'!I$1&" 条")
A43: 序号 | B43: 产品名称 | C43: 包装规格 | D43: 单件重量(kg/箱) | E43: 数量（箱） | F43: 重量（kg） | G43: 单价（元/kg） | H43: 金额（元） | I43: 物料编码 | J43: 装车地点
A44: 1 | C44: =IF($B44="","",IFERROR(VLOOKUP($B44,产品库!$A$2:$F$5305,3,FALSE),IFERROR(VLOOKUP($B44,产品库!$B$2:$F$5305,2,FALSE),""))) | D44: =IF($B44="","",IFERROR(VLOOKUP($B44,产品库!$A$2:$F$5305,4,FALSE),IFERROR(VLOOKUP($B44,产品库!$B$2:$F$5305,3,FALSE),""))) | F44: =IF(OR($E44="",$D44=""),"",ROUND($E44*$D44,3)) | H44: =IF(OR($F44="",$G44=""),"",ROUND($F44*$G44,2)) | I44: =IF($B44="","",IFERROR(VLOOKUP($B44,产品库!$A$2:$F$5305,2,FALSE),IF(COUNTIF(产品库!$B$2:$B$5305,$B44)>0,$B44,""))) | L44: =IF($B44="","",COUNT($L$18:$L43)+1)
A45: 2 | C45: =IF($B45="","",IFERROR(VLOOKUP($B45,产品库!$A$2:$F$5305,3,FALSE),IFERROR(VLOOKUP($B45,产品库!$B$2:$F$5305,2,FALSE),""))) | D45: =IF($B45="","",IFERROR(VLOOKUP($B45,产品库!$A$2:$F$5305,4,FALSE),IFERROR(VLOOKUP($B45,产品库!$B$2:$F$5305,3,FALSE),""))) | F45: =IF(OR($E45="",$D45=""),"",ROUND($E45*$D45,3)) | H45: =IF(OR($F45="",$G45=""),"",ROUND($F45*$G45,2)) | I45: =IF($B45="","",IFERROR(VLOOKUP($B45,产品库!$A$2:$F$5305,2,FALSE),IF(COUNTIF(产品库!$B$2:$B$5305,$B45)>0,$B45,""))) | L45: =IF($B45="","",COUNT($L$18:$L44)+1)
A46: 3 | C46: =IF($B46="","",IFERROR(VLOOKUP($B46,产品库!$A$2:$F$5305,3,FALSE),IFERROR(VLOOKUP($B46,产品库!$B$2:$F$5305,2,FALSE),""))) | D46: =IF($B46="","",IFERROR(VLOOKUP($B46,产品库!$A$2:$F$5305,4,FALSE),IFERROR(VLOOKUP($B46,产品库!$B$2:$F$5305,3,FALSE),""))) | F46: =IF(OR($E46="",$D46=""),"",ROUND($E46*$D46,3)) | H46: =IF(OR($F46="",$G46=""),"",ROUND($F46*$G46,2)) | I46: =IF($B46="","",IFERROR(VLOOKUP($B46,产品库!$A$2:$F$5305,2,FALSE),IF(COUNTIF(产品库!$B$2:$B$5305,$B46)>0,$B46,""))) | L46: =IF($B46="","",COUNT($L$18:$L45)+1)
A47: 4 | C47: =IF($B47="","",IFERROR(VLOOKUP($B47,产品库!$A$2:$F$5305,3,FALSE),IFERROR(VLOOKUP($B47,产品库!$B$2:$F$5305,2,FALSE),""))) | D47: =IF($B47="","",IFERROR(VLOOKUP($B47,产品库!$A$2:$F$5305,4,FALSE),IFERROR(VLOOKUP($B47,产品库!$B$2:$F$5305,3,FALSE),""))) | F47: =IF(OR($E47="",$D47=""),"",ROUND($E47*$D47,3)) | H47: =IF(OR($F47="",$G47=""),"",ROUND($F47*$G47,2)) | I47: =IF($B47="","",IFERROR(VLOOKUP($B47,产品库!$A$2:$F$5305,2,FALSE),IF(COUNTIF(产品库!$B$2:$B$5305,$B47)>0,$B47,""))) | L47: =IF($B47="","",COUNT($L$18:$L46)+1)
A48: 5 | C48: =IF($B48="","",IFERROR(VLOOKUP($B48,产品库!$A$2:$F$5305,3,FALSE),IFERROR(VLOOKUP($B48,产品库!$B$2:$F$5305,2,FALSE),""))) | D48: =IF($B48="","",IFERROR(VLOOKUP($B48,产品库!$A$2:$F$5305,4,FALSE),IFERROR(VLOOKUP($B48,产品库!$B$2:$F$5305,3,FALSE),""))) | F48: =IF(OR($E48="",$D48=""),"",ROUND($E48*$D48,3)) | H48: =IF(OR($F48="",$G48=""),"",ROUND($F48*$G48,2)) | I48: =IF($B48="","",IFERROR(VLOOKUP($B48,产品库!$A$2:$F$5305,2,FALSE),IF(COUNTIF(产品库!$B$2:$B$5305,$B48)>0,$B48,""))) | L48: =IF($B48="","",COUNT($L$18:$L47)+1)
A49: 6 | C49: =IF($B49="","",IFERROR(VLOOKUP($B49,产品库!$A$2:$F$5305,3,FALSE),IFERROR(VLOOKUP($B49,产品库!$B$2:$F$5305,2,FALSE),""))) | D49: =IF($B49="","",IFERROR(VLOOKUP($B49,产品库!$A$2:$F$5305,4,FALSE),IFERROR(VLOOKUP($B49,产品库!$B$2:$F$5305,3,FALSE),""))) | F49: =IF(OR($E49="",$D49=""),"",ROUND($E49*$D49,3)) | H49: =IF(OR($F49="",$G49=""),"",ROUND($F49*$G49,2)) | I49: =IF($B49="","",IFERROR(VLOOKUP($B49,产品库!$A$2:$F$5305,2,FALSE),IF(COUNTIF(产品库!$B$2:$B$5305,$B49)>0,$B49,""))) | L49: =IF($B49="","",COUNT($L$18:$L48)+1)
A50: 7 | C50: =IF($B50="","",IFERROR(VLOOKUP($B50,产品库!$A$2:$F$5305,3,FALSE),IFERROR(VLOOKUP($B50,产品库!$B$2:$F$5305,2,FALSE),""))) | D50: =IF($B50="","",IFERROR(VLOOKUP($B50,产品库!$A$2:$F$5305,4,FALSE),IFERROR(VLOOKUP($B50,产品库!$B$2:$F$5305,3,FALSE),""))) | F50: =IF(OR($E50="",$D50=""),"",ROUND($E50*$D50,3)) | H50: =IF(OR($F50="",$G50=""),"",ROUND($F50*$G50,2)) | I50: =IF($B50="","",IFERROR(VLOOKUP($B50,产品库!$A$2:$F$5305,2,FALSE),IF(COUNTIF(产品库!$B$2:$B$5305,$B50)>0,$B50,""))) | L50: =IF($B50="","",COUNT($L$18:$L49)+1)
A51: 8 | C51: =IF($B51="","",IFERROR(VLOOKUP($B51,产品库!$A$2:$F$5305,3,FALSE),IFERROR(VLOOKUP($B51,产品库!$B$2:$F$5305,2,FALSE),""))) | D51: =IF($B51="","",IFERROR(VLOOKUP($B51,产品库!$A$2:$F$5305,4,FALSE),IFERROR(VLOOKUP($B51,产品库!$B$2:$F$5305,3,FALSE),""))) | F51: =IF(OR($E51="",$D51=""),"",ROUND($E51*$D51,3)) | H51: =IF(OR($F51="",$G51=""),"",ROUND($F51*$G51,2)) | I51: =IF($B51="","",IFERROR(VLOOKUP($B51,产品库!$A$2:$F$5305,2,FALSE),IF(COUNTIF(产品库!$B$2:$B$5305,$B51)>0,$B51,""))) | L51: =IF($B51="","",COUNT($L$18:$L50)+1)
A52: 9 | C52: =IF($B52="","",IFERROR(VLOOKUP($B52,产品库!$A$2:$F$5305,3,FALSE),IFERROR(VLOOKUP($B52,产品库!$B$2:$F$5305,2,FALSE),""))) | D52: =IF($B52="","",IFERROR(VLOOKUP($B52,产品库!$A$2:$F$5305,4,FALSE),IFERROR(VLOOKUP($B52,产品库!$B$2:$F$5305,3,FALSE),""))) | F52: =IF(OR($E52="",$D52=""),"",ROUND($E52*$D52,3)) | H52: =IF(OR($F52="",$G52=""),"",ROUND($F52*$G52,2)) | I52: =IF($B52="","",IFERROR(VLOOKUP($B52,产品库!$A$2:$F$5305,2,FALSE),IF(COUNTIF(产品库!$B$2:$B$5305,$B52)>0,$B52,""))) | L52: =IF($B52="","",COUNT($L$18:$L51)+1)
A53: 10 | C53: =IF($B53="","",IFERROR(VLOOKUP($B53,产品库!$A$2:$F$5305,3,FALSE),IFERROR(VLOOKUP($B53,产品库!$B$2:$F$5305,2,FALSE),""))) | D53: =IF($B53="","",IFERROR(VLOOKUP($B53,产品库!$A$2:$F$5305,4,FALSE),IFERROR(VLOOKUP($B53,产品库!$B$2:$F$5305,3,FALSE),""))) | F53: =IF(OR($E53="",$D53=""),"",ROUND($E53*$D53,3)) | H53: =IF(OR($F53="",$G53=""),"",ROUND($F53*$G53,2)) | I53: =IF($B53="","",IFERROR(VLOOKUP($B53,产品库!$A$2:$F$5305,2,FALSE),IF(COUNTIF(产品库!$B$2:$B$5305,$B53)>0,$B53,""))) | L53: =IF($B53="","",COUNT($L$18:$L52)+1)
A54: 11 | C54: =IF($B54="","",IFERROR(VLOOKUP($B54,产品库!$A$2:$F$5305,3,FALSE),IFERROR(VLOOKUP($B54,产品库!$B$2:$F$5305,2,FALSE),""))) | D54: =IF($B54="","",IFERROR(VLOOKUP($B54,产品库!$A$2:$F$5305,4,FALSE),IFERROR(VLOOKUP($B54,产品库!$B$2:$F$5305,3,FALSE),""))) | F54: =IF(OR($E54="",$D54=""),"",ROUND($E54*$D54,3)) | H54: =IF(OR($F54="",$G54=""),"",ROUND($F54*$G54,2)) | I54: =IF($B54="","",IFERROR(VLOOKUP($B54,产品库!$A$2:$F$5305,2,FALSE),IF(COUNTIF(产品库!$B$2:$B$5305,$B54)>0,$B54,""))) | L54: =IF($B54="","",COUNT($L$18:$L53)+1)
A55: 12 | C55: =IF($B55="","",IFERROR(VLOOKUP($B55,产品库!$A$2:$F$5305,3,FALSE),IFERROR(VLOOKUP($B55,产品库!$B$2:$F$5305,2,FALSE),""))) | D55: =IF($B55="","",IFERROR(VLOOKUP($B55,产品库!$A$2:$F$5305,4,FALSE),IFERROR(VLOOKUP($B55,产品库!$B$2:$F$5305,3,FALSE),""))) | F55: =IF(OR($E55="",$D55=""),"",ROUND($E55*$D55,3)) | H55: =IF(OR($F55="",$G55=""),"",ROUND($F55*$G55,2)) | I55: =IF($B55="","",IFERROR(VLOOKUP($B55,产品库!$A$2:$F$5305,2,FALSE),IF(COUNTIF(产品库!$B$2:$B$5305,$B55)>0,$B55,""))) | L55: =IF($B55="","",COUNT($L$18:$L54)+1)
... A63: 20 | C63: =IF($B63="","",IFERROR(VLOOKUP($B63,产品库!$A$2:$F$5305,3,FALSE),IFERROR(VLOOKUP($B63,产品库!$B$2:$F$5305,2,FALSE),""))) | D63: =IF($B63="","",IFERROR(VLOOKUP($B63,产品库!$A$2:$F$5305,4,FALSE),IFERROR(VLOOKUP($B63,产品库!$B$2:$F$5305,3,FALSE),""))) | F63: =IF(OR($E63="",$D63=""),"",ROUND($E63*$D63,3)) | H63: =IF(OR($F63="",$G63=""),"",ROUND($F63*$G63,2)) | I63: =IF($B63="","",IFERROR(VLOOKUP($B63,产品库!$A$2:$F$5305,2,FALSE),IF(COUNTIF(产品库!$B$2:$B$5305,$B63)>0,$B63,""))) | L63: =IF($B63="","",COUNT($L$18:$L62)+1)
B64: 小计 | E64: =SUM(E44:E63) | F64: =SUM(F44:F63) | H64: =SUM(H44:H63)
A66: 第3组 | D66: 🔍 搜产品 | G66: ← 先选公司，再搜产品，最后点下拉 | J66: =IF($B66="","先选销售公司","匹配 "&'搜索'!J$1&" 条")
A67: 序号 | B67: 产品名称 | C67: 包装规格 | D67: 单件重量(kg/箱) | E67: 数量（箱） | F67: 重量（kg） | G67: 单价（元/kg） | H67: 金额（元） | I67: 物料编码 | J67: 装车地点
A68: 1 | C68: =IF($B68="","",IFERROR(VLOOKUP($B68,产品库!$A$2:$F$5305,3,FALSE),IFERROR(VLOOKUP($B68,产品库!$B$2:$F$5305,2,FALSE),""))) | D68: =IF($B68="","",IFERROR(VLOOKUP($B68,产品库!$A$2:$F$5305,4,FALSE),IFERROR(VLOOKUP($B68,产品库!$B$2:$F$5305,3,FALSE),""))) | F68: =IF(OR($E68="",$D68=""),"",ROUND($E68*$D68,3)) | H68: =IF(OR($F68="",$G68=""),"",ROUND($F68*$G68,2)) | I68: =IF($B68="","",IFERROR(VLOOKUP($B68,产品库!$A$2:$F$5305,2,FALSE),IF(COUNTIF(产品库!$B$2:$B$5305,$B68)>0,$B68,""))) | L68: =IF($B68="","",COUNT($L$18:$L67)+1)
A69: 2 | C69: =IF($B69="","",IFERROR(VLOOKUP($B69,产品库!$A$2:$F$5305,3,FALSE),IFERROR(VLOOKUP($B69,产品库!$B$2:$F$5305,2,FALSE),""))) | D69: =IF($B69="","",IFERROR(VLOOKUP($B69,产品库!$A$2:$F$5305,4,FALSE),IFERROR(VLOOKUP($B69,产品库!$B$2:$F$5305,3,FALSE),""))) | F69: =IF(OR($E69="",$D69=""),"",ROUND($E69*$D69,3)) | H69: =IF(OR($F69="",$G69=""),"",ROUND($F69*$G69,2)) | I69: =IF($B69="","",IFERROR(VLOOKUP($B69,产品库!$A$2:$F$5305,2,FALSE),IF(COUNTIF(产品库!$B$2:$B$5305,$B69)>0,$B69,""))) | L69: =IF($B69="","",COUNT($L$18:$L68)+1)
A70: 3 | C70: =IF($B70="","",IFERROR(VLOOKUP($B70,产品库!$A$2:$F$5305,3,FALSE),IFERROR(VLOOKUP($B70,产品库!$B$2:$F$5305,2,FALSE),""))) | D70: =IF($B70="","",IFERROR(VLOOKUP($B70,产品库!$A$2:$F$5305,4,FALSE),IFERROR(VLOOKUP($B70,产品库!$B$2:$F$5305,3,FALSE),""))) | F70: =IF(OR($E70="",$D70=""),"",ROUND($E70*$D70,3)) | H70: =IF(OR($F70="",$G70=""),"",ROUND($F70*$G70,2)) | I70: =IF($B70="","",IFERROR(VLOOKUP($B70,产品库!$A$2:$F$5305,2,FALSE),IF(COUNTIF(产品库!$B$2:$B$5305,$B70)>0,$B70,""))) | L70: =IF($B70="","",COUNT($L$18:$L69)+1)
A71: 4 | C71: =IF($B71="","",IFERROR(VLOOKUP($B71,产品库!$A$2:$F$5305,3,FALSE),IFERROR(VLOOKUP($B71,产品库!$B$2:$F$5305,2,FALSE),""))) | D71: =IF($B71="","",IFERROR(VLOOKUP($B71,产品库!$A$2:$F$5305,4,FALSE),IFERROR(VLOOKUP($B71,产品库!$B$2:$F$5305,3,FALSE),""))) | F71: =IF(OR($E71="",$D71=""),"",ROUND($E71*$D71,3)) | H71: =IF(OR($F71="",$G71=""),"",ROUND($F71*$G71,2)) | I71: =IF($B71="","",IFERROR(VLOOKUP($B71,产品库!$A$2:$F$5305,2,FALSE),IF(COUNTIF(产品库!$B$2:$B$5305,$B71)>0,$B71,""))) | L71: =IF($B71="","",COUNT($L$18:$L70)+1)
A72: 5 | C72: =IF($B72="","",IFERROR(VLOOKUP($B72,产品库!$A$2:$F$5305,3,FALSE),IFERROR(VLOOKUP($B72,产品库!$B$2:$F$5305,2,FALSE),""))) | D72: =IF($B72="","",IFERROR(VLOOKUP($B72,产品库!$A$2:$F$5305,4,FALSE),IFERROR(VLOOKUP($B72,产品库!$B$2:$F$5305,3,FALSE),""))) | F72: =IF(OR($E72="",$D72=""),"",ROUND($E72*$D72,3)) | H72: =IF(OR($F72="",$G72=""),"",ROUND($F72*$G72,2)) | I72: =IF($B72="","",IFERROR(VLOOKUP($B72,产品库!$A$2:$F$5305,2,FALSE),IF(COUNTIF(产品库!$B$2:$B$5305,$B72)>0,$B72,""))) | L72: =IF($B72="","",COUNT($L$18:$L71)+1)
A73: 6 | C73: =IF($B73="","",IFERROR(VLOOKUP($B73,产品库!$A$2:$F$5305,3,FALSE),IFERROR(VLOOKUP($B73,产品库!$B$2:$F$5305,2,FALSE),""))) | D73: =IF($B73="","",IFERROR(VLOOKUP($B73,产品库!$A$2:$F$5305,4,FALSE),IFERROR(VLOOKUP($B73,产品库!$B$2:$F$5305,3,FALSE),""))) | F73: =IF(OR($E73="",$D73=""),"",ROUND($E73*$D73,3)) | H73: =IF(OR($F73="",$G73=""),"",ROUND($F73*$G73,2)) | I73: =IF($B73="","",IFERROR(VLOOKUP($B73,产品库!$A$2:$F$5305,2,FALSE),IF(COUNTIF(产品库!$B$2:$B$5305,$B73)>0,$B73,""))) | L73: =IF($B73="","",COUNT($L$18:$L72)+1)
A74: 7 | C74: =IF($B74="","",IFERROR(VLOOKUP($B74,产品库!$A$2:$F$5305,3,FALSE),IFERROR(VLOOKUP($B74,产品库!$B$2:$F$5305,2,FALSE),""))) | D74: =IF($B74="","",IFERROR(VLOOKUP($B74,产品库!$A$2:$F$5305,4,FALSE),IFERROR(VLOOKUP($B74,产品库!$B$2:$F$5305,3,FALSE),""))) | F74: =IF(OR($E74="",$D74=""),"",ROUND($E74*$D74,3)) | H74: =IF(OR($F74="",$G74=""),"",ROUND($F74*$G74,2)) | I74: =IF($B74="","",IFERROR(VLOOKUP($B74,产品库!$A$2:$F$5305,2,FALSE),IF(COUNTIF(产品库!$B$2:$B$5305,$B74)>0,$B74,""))) | L74: =IF($B74="","",COUNT($L$18:$L73)+1)
A75: 8 | C75: =IF($B75="","",IFERROR(VLOOKUP($B75,产品库!$A$2:$F$5305,3,FALSE),IFERROR(VLOOKUP($B75,产品库!$B$2:$F$5305,2,FALSE),""))) | D75: =IF($B75="","",IFERROR(VLOOKUP($B75,产品库!$A$2:$F$5305,4,FALSE),IFERROR(VLOOKUP($B75,产品库!$B$2:$F$5305,3,FALSE),""))) | F75: =IF(OR($E75="",$D75=""),"",ROUND($E75*$D75,3)) | H75: =IF(OR($F75="",$G75=""),"",ROUND($F75*$G75,2)) | I75: =IF($B75="","",IFERROR(VLOOKUP($B75,产品库!$A$2:$F$5305,2,FALSE),IF(COUNTIF(产品库!$B$2:$B$5305,$B75)>0,$B75,""))) | L75: =IF($B75="","",COUNT($L$18:$L74)+1)
A76: 9 | C76: =IF($B76="","",IFERROR(VLOOKUP($B76,产品库!$A$2:$F$5305,3,FALSE),IFERROR(VLOOKUP($B76,产品库!$B$2:$F$5305,2,FALSE),""))) | D76: =IF($B76="","",IFERROR(VLOOKUP($B76,产品库!$A$2:$F$5305,4,FALSE),IFERROR(VLOOKUP($B76,产品库!$B$2:$F$5305,3,FALSE),""))) | F76: =IF(OR($E76="",$D76=""),"",ROUND($E76*$D76,3)) | H76: =IF(OR($F76="",$G76=""),"",ROUND($F76*$G76,2)) | I76: =IF($B76="","",IFERROR(VLOOKUP($B76,产品库!$A$2:$F$5305,2,FALSE),IF(COUNTIF(产品库!$B$2:$B$5305,$B76)>0,$B76,""))) | L76: =IF($B76="","",COUNT($L$18:$L75)+1)
A77: 10 | C77: =IF($B77="","",IFERROR(VLOOKUP($B77,产品库!$A$2:$F$5305,3,FALSE),IFERROR(VLOOKUP($B77,产品库!$B$2:$F$5305,2,FALSE),""))) | D77: =IF($B77="","",IFERROR(VLOOKUP($B77,产品库!$A$2:$F$5305,4,FALSE),IFERROR(VLOOKUP($B77,产品库!$B$2:$F$5305,3,FALSE),""))) | F77: =IF(OR($E77="",$D77=""),"",ROUND($E77*$D77,3)) | H77: =IF(OR($F77="",$G77=""),"",ROUND($F77*$G77,2)) | I77: =IF($B77="","",IFERROR(VLOOKUP($B77,产品库!$A$2:$F$5305,2,FALSE),IF(COUNTIF(产品库!$B$2:$B$5305,$B77)>0,$B77,""))) | L77: =IF($B77="","",COUNT($L$18:$L76)+1)
A78: 11 | C78: =IF($B78="","",IFERROR(VLOOKUP($B78,产品库!$A$2:$F$5305,3,FALSE),IFERROR(VLOOKUP($B78,产品库!$B$2:$F$5305,2,FALSE),""))) | D78: =IF($B78="","",IFERROR(VLOOKUP($B78,产品库!$A$2:$F$5305,4,FALSE),IFERROR(VLOOKUP($B78,产品库!$B$2:$F$5305,3,FALSE),""))) | F78: =IF(OR($E78="",$D78=""),"",ROUND($E78*$D78,3)) | H78: =IF(OR($F78="",$G78=""),"",ROUND($F78*$G78,2)) | I78: =IF($B78="","",IFERROR(VLOOKUP($B78,产品库!$A$2:$F$5305,2,FALSE),IF(COUNTIF(产品库!$B$2:$B$5305,$B78)>0,$B78,""))) | L78: =IF($B78="","",COUNT($L$18:$L77)+1)
A79: 12 | C79: =IF($B79="","",IFERROR(VLOOKUP($B79,产品库!$A$2:$F$5305,3,FALSE),IFERROR(VLOOKUP($B79,产品库!$B$2:$F$5305,2,FALSE),""))) | D79: =IF($B79="","",IFERROR(VLOOKUP($B79,产品库!$A$2:$F$5305,4,FALSE),IFERROR(VLOOKUP($B79,产品库!$B$2:$F$5305,3,FALSE),""))) | F79: =IF(OR($E79="",$D79=""),"",ROUND($E79*$D79,3)) | H79: =IF(OR($F79="",$G79=""),"",ROUND($F79*$G79,2)) | I79: =IF($B79="","",IFERROR(VLOOKUP($B79,产品库!$A$2:$F$5305,2,FALSE),IF(COUNTIF(产品库!$B$2:$B$5305,$B79)>0,$B79,""))) | L79: =IF($B79="","",COUNT($L$18:$L78)+1)
... A87: 20 | C87: =IF($B87="","",IFERROR(VLOOKUP($B87,产品库!$A$2:$F$5305,3,FALSE),IFERROR(VLOOKUP($B87,产品库!$B$2:$F$5305,2,FALSE),""))) | D87: =IF($B87="","",IFERROR(VLOOKUP($B87,产品库!$A$2:$F$5305,4,FALSE),IFERROR(VLOOKUP($B87,产品库!$B$2:$F$5305,3,FALSE),""))) | F87: =IF(OR($E87="",$D87=""),"",ROUND($E87*$D87,3)) | H87: =IF(OR($F87="",$G87=""),"",ROUND($F87*$G87,2)) | I87: =IF($B87="","",IFERROR(VLOOKUP($B87,产品库!$A$2:$F$5305,2,FALSE),IF(COUNTIF(产品库!$B$2:$B$5305,$B87)>0,$B87,""))) | L87: =IF($B87="","",COUNT($L$18:$L86)+1)
B88: 小计 | E88: =SUM(E68:E87) | F88: =SUM(F68:F87) | H88: =SUM(H68:H87)
A90: 第4组 | D90: 🔍 搜产品 | G90: ← 先选公司，再搜产品，最后点下拉 | J90: =IF($B90="","先选销售公司","匹配 "&'搜索'!K$1&" 条")
A91: 序号 | B91: 产品名称 | C91: 包装规格 | D91: 单件重量(kg/箱) | E91: 数量（箱） | F91: 重量（kg） | G91: 单价（元/kg） | H91: 金额（元） | I91: 物料编码 | J91: 装车地点
A92: 1 | C92: =IF($B92="","",IFERROR(VLOOKUP($B92,产品库!$A$2:$F$5305,3,FALSE),IFERROR(VLOOKUP($B92,产品库!$B$2:$F$5305,2,FALSE),""))) | D92: =IF($B92="","",IFERROR(VLOOKUP($B92,产品库!$A$2:$F$5305,4,FALSE),IFERROR(VLOOKUP($B92,产品库!$B$2:$F$5305,3,FALSE),""))) | F92: =IF(OR($E92="",$D92=""),"",ROUND($E92*$D92,3)) | H92: =IF(OR($F92="",$G92=""),"",ROUND($F92*$G92,2)) | I92: =IF($B92="","",IFERROR(VLOOKUP($B92,产品库!$A$2:$F$5305,2,FALSE),IF(COUNTIF(产品库!$B$2:$B$5305,$B92)>0,$B92,""))) | L92: =IF($B92="","",COUNT($L$18:$L91)+1)
A93: 2 | C93: =IF($B93="","",IFERROR(VLOOKUP($B93,产品库!$A$2:$F$5305,3,FALSE),IFERROR(VLOOKUP($B93,产品库!$B$2:$F$5305,2,FALSE),""))) | D93: =IF($B93="","",IFERROR(VLOOKUP($B93,产品库!$A$2:$F$5305,4,FALSE),IFERROR(VLOOKUP($B93,产品库!$B$2:$F$5305,3,FALSE),""))) | F93: =IF(OR($E93="",$D93=""),"",ROUND($E93*$D93,3)) | H93: =IF(OR($F93="",$G93=""),"",ROUND($F93*$G93,2)) | I93: =IF($B93="","",IFERROR(VLOOKUP($B93,产品库!$A$2:$F$5305,2,FALSE),IF(COUNTIF(产品库!$B$2:$B$5305,$B93)>0,$B93,""))) | L93: =IF($B93="","",COUNT($L$18:$L92)+1)
A94: 3 | C94: =IF($B94="","",IFERROR(VLOOKUP($B94,产品库!$A$2:$F$5305,3,FALSE),IFERROR(VLOOKUP($B94,产品库!$B$2:$F$5305,2,FALSE),""))) | D94: =IF($B94="","",IFERROR(VLOOKUP($B94,产品库!$A$2:$F$5305,4,FALSE),IFERROR(VLOOKUP($B94,产品库!$B$2:$F$5305,3,FALSE),""))) | F94: =IF(OR($E94="",$D94=""),"",ROUND($E94*$D94,3)) | H94: =IF(OR($F94="",$G94=""),"",ROUND($F94*$G94,2)) | I94: =IF($B94="","",IFERROR(VLOOKUP($B94,产品库!$A$2:$F$5305,2,FALSE),IF(COUNTIF(产品库!$B$2:$B$5305,$B94)>0,$B94,""))) | L94: =IF($B94="","",COUNT($L$18:$L93)+1)
A95: 4 | C95: =IF($B95="","",IFERROR(VLOOKUP($B95,产品库!$A$2:$F$5305,3,FALSE),IFERROR(VLOOKUP($B95,产品库!$B$2:$F$5305,2,FALSE),""))) | D95: =IF($B95="","",IFERROR(VLOOKUP($B95,产品库!$A$2:$F$5305,4,FALSE),IFERROR(VLOOKUP($B95,产品库!$B$2:$F$5305,3,FALSE),""))) | F95: =IF(OR($E95="",$D95=""),"",ROUND($E95*$D95,3)) | H95: =IF(OR($F95="",$G95=""),"",ROUND($F95*$G95,2)) | I95: =IF($B95="","",IFERROR(VLOOKUP($B95,产品库!$A$2:$F$5305,2,FALSE),IF(COUNTIF(产品库!$B$2:$B$5305,$B95)>0,$B95,""))) | L95: =IF($B95="","",COUNT($L$18:$L94)+1)
A96: 5 | C96: =IF($B96="","",IFERROR(VLOOKUP($B96,产品库!$A$2:$F$5305,3,FALSE),IFERROR(VLOOKUP($B96,产品库!$B$2:$F$5305,2,FALSE),""))) | D96: =IF($B96="","",IFERROR(VLOOKUP($B96,产品库!$A$2:$F$5305,4,FALSE),IFERROR(VLOOKUP($B96,产品库!$B$2:$F$5305,3,FALSE),""))) | F96: =IF(OR($E96="",$D96=""),"",ROUND($E96*$D96,3)) | H96: =IF(OR($F96="",$G96=""),"",ROUND($F96*$G96,2)) | I96: =IF($B96="","",IFERROR(VLOOKUP($B96,产品库!$A$2:$F$5305,2,FALSE),IF(COUNTIF(产品库!$B$2:$B$5305,$B96)>0,$B96,""))) | L96: =IF($B96="","",COUNT($L$18:$L95)+1)
A97: 6 | C97: =IF($B97="","",IFERROR(VLOOKUP($B97,产品库!$A$2:$F$5305,3,FALSE),IFERROR(VLOOKUP($B97,产品库!$B$2:$F$5305,2,FALSE),""))) | D97: =IF($B97="","",IFERROR(VLOOKUP($B97,产品库!$A$2:$F$5305,4,FALSE),IFERROR(VLOOKUP($B97,产品库!$B$2:$F$5305,3,FALSE),""))) | F97: =IF(OR($E97="",$D97=""),"",ROUND($E97*$D97,3)) | H97: =IF(OR($F97="",$G97=""),"",ROUND($F97*$G97,2)) | I97: =IF($B97="","",IFERROR(VLOOKUP($B97,产品库!$A$2:$F$5305,2,FALSE),IF(COUNTIF(产品库!$B$2:$B$5305,$B97)>0,$B97,""))) | L97: =IF($B97="","",COUNT($L$18:$L96)+1)
A98: 7 | C98: =IF($B98="","",IFERROR(VLOOKUP($B98,产品库!$A$2:$F$5305,3,FALSE),IFERROR(VLOOKUP($B98,产品库!$B$2:$F$5305,2,FALSE),""))) | D98: =IF($B98="","",IFERROR(VLOOKUP($B98,产品库!$A$2:$F$5305,4,FALSE),IFERROR(VLOOKUP($B98,产品库!$B$2:$F$5305,3,FALSE),""))) | F98: =IF(OR($E98="",$D98=""),"",ROUND($E98*$D98,3)) | H98: =IF(OR($F98="",$G98=""),"",ROUND($F98*$G98,2)) | I98: =IF($B98="","",IFERROR(VLOOKUP($B98,产品库!$A$2:$F$5305,2,FALSE),IF(COUNTIF(产品库!$B$2:$B$5305,$B98)>0,$B98,""))) | L98: =IF($B98="","",COUNT($L$18:$L97)+1)
A99: 8 | C99: =IF($B99="","",IFERROR(VLOOKUP($B99,产品库!$A$2:$F$5305,3,FALSE),IFERROR(VLOOKUP($B99,产品库!$B$2:$F$5305,2,FALSE),""))) | D99: =IF($B99="","",IFERROR(VLOOKUP($B99,产品库!$A$2:$F$5305,4,FALSE),IFERROR(VLOOKUP($B99,产品库!$B$2:$F$5305,3,FALSE),""))) | F99: =IF(OR($E99="",$D99=""),"",ROUND($E99*$D99,3)) | H99: =IF(OR($F99="",$G99=""),"",ROUND($F99*$G99,2)) | I99: =IF($B99="","",IFERROR(VLOOKUP($B99,产品库!$A$2:$F$5305,2,FALSE),IF(COUNTIF(产品库!$B$2:$B$5305,$B99)>0,$B99,""))) | L99: =IF($B99="","",COUNT($L$18:$L98)+1)
A100: 9 | C100: =IF($B100="","",IFERROR(VLOOKUP($B100,产品库!$A$2:$F$5305,3,FALSE),IFERROR(VLOOKUP($B100,产品库!$B$2:$F$5305,2,FALSE),""))) | D100: =IF($B100="","",IFERROR(VLOOKUP($B100,产品库!$A$2:$F$5305,4,FALSE),IFERROR(VLOOKUP($B100,产品库!$B$2:$F$5305,3,FALSE),""))) | F100: =IF(OR($E100="",$D100=""),"",ROUND($E100*$D100,3)) | H100: =IF(OR($F100="",$G100=""),"",ROUND($F100*$G100,2)) | I100: =IF($B100="","",IFERROR(VLOOKUP($B100,产品库!$A$2:$F$5305,2,FALSE),IF(COUNTIF(产品库!$B$2:$B$5305,$B100)>0,$B100,""))) | L100: =IF($B100="","",COUNT($L$18:$L99)+1)
A101: 10 | C101: =IF($B101="","",IFERROR(VLOOKUP($B101,产品库!$A$2:$F$5305,3,FALSE),IFERROR(VLOOKUP($B101,产品库!$B$2:$F$5305,2,FALSE),""))) | D101: =IF($B101="","",IFERROR(VLOOKUP($B101,产品库!$A$2:$F$5305,4,FALSE),IFERROR(VLOOKUP($B101,产品库!$B$2:$F$5305,3,FALSE),""))) | F101: =IF(OR($E101="",$D101=""),"",ROUND($E101*$D101,3)) | H101: =IF(OR($F101="",$G101=""),"",ROUND($F101*$G101,2)) | I101: =IF($B101="","",IFERROR(VLOOKUP($B101,产品库!$A$2:$F$5305,2,FALSE),IF(COUNTIF(产品库!$B$2:$B$5305,$B101)>0,$B101,""))) | L101: =IF($B101="","",COUNT($L$18:$L100)+1)
A102: 11 | C102: =IF($B102="","",IFERROR(VLOOKUP($B102,产品库!$A$2:$F$5305,3,FALSE),IFERROR(VLOOKUP($B102,产品库!$B$2:$F$5305,2,FALSE),""))) | D102: =IF($B102="","",IFERROR(VLOOKUP($B102,产品库!$A$2:$F$5305,4,FALSE),IFERROR(VLOOKUP($B102,产品库!$B$2:$F$5305,3,FALSE),""))) | F102: =IF(OR($E102="",$D102=""),"",ROUND($E102*$D102,3)) | H102: =IF(OR($F102="",$G102=""),"",ROUND($F102*$G102,2)) | I102: =IF($B102="","",IFERROR(VLOOKUP($B102,产品库!$A$2:$F$5305,2,FALSE),IF(COUNTIF(产品库!$B$2:$B$5305,$B102)>0,$B102,""))) | L102: =IF($B102="","",COUNT($L$18:$L101)+1)
A103: 12 | C103: =IF($B103="","",IFERROR(VLOOKUP($B103,产品库!$A$2:$F$5305,3,FALSE),IFERROR(VLOOKUP($B103,产品库!$B$2:$F$5305,2,FALSE),""))) | D103: =IF($B103="","",IFERROR(VLOOKUP($B103,产品库!$A$2:$F$5305,4,FALSE),IFERROR(VLOOKUP($B103,产品库!$B$2:$F$5305,3,FALSE),""))) | F103: =IF(OR($E103="",$D103=""),"",ROUND($E103*$D103,3)) | H103: =IF(OR($F103="",$G103=""),"",ROUND($F103*$G103,2)) | I103: =IF($B103="","",IFERROR(VLOOKUP($B103,产品库!$A$2:$F$5305,2,FALSE),IF(COUNTIF(产品库!$B$2:$B$5305,$B103)>0,$B103,""))) | L103: =IF($B103="","",COUNT($L$18:$L102)+1)
... A111: 20 | C111: =IF($B111="","",IFERROR(VLOOKUP($B111,产品库!$A$2:$F$5305,3,FALSE),IFERROR(VLOOKUP($B111,产品库!$B$2:$F$5305,2,FALSE),""))) | D111: =IF($B111="","",IFERROR(VLOOKUP($B111,产品库!$A$2:$F$5305,4,FALSE),IFERROR(VLOOKUP($B111,产品库!$B$2:$F$5305,3,FALSE),""))) | F111: =IF(OR($E111="",$D111=""),"",ROUND($E111*$D111,3)) | H111: =IF(OR($F111="",$G111=""),"",ROUND($F111*$G111,2)) | I111: =IF($B111="","",IFERROR(VLOOKUP($B111,产品库!$A$2:$F$5305,2,FALSE),IF(COUNTIF(产品库!$B$2:$B$5305,$B111)>0,$B111,""))) | L111: =IF($B111="","",COUNT($L$18:$L110)+1)
B112: 小计 | E112: =SUM(E92:E111) | F112: =SUM(F92:F111) | H112: =SUM(H92:H111)

Sheet 客户汇总表
A1: 发件人： | B1: =IF(发货单!$B$11="","",发货单!$B$11) | F1: 收件人： | G1: =IF(发货单!$B$5<>"",发货单!$B$5,发货单!$B$3)
A2: 公司： | B2: 山东锐泽通供应链有限公司 | F2: 公司： | G2: =发货单!$B$3
A3: 电话： | B3: =发货单!$B$12 | F3: 传真：
A4: 日期： | B4: =IF(发货单!$B$15="","",发货单!$B$15) | F4: 关于： | G4: 发货及帐目明细
A6: 品类 | B6: 序号 | C6: 产品名称 | D6: 规格 | E6: 单间重量（kg） | F6: 件数 | G6: 数量（KG） | H6: 单价（kg） | I6: 金额 | J6: 备注
A7: =IF($L7="","","标品") | B7: =IF($L7="","",1) | C7: =IF($L7="","",IFERROR(INDEX(产品库!$A$2:$A$5305,MATCH(INDEX(发货单!$I$20:$I$111,$L7),产品库!$B$2:$B$5305,0)),INDEX(发货单!$B$20:$B$111,$L7))) | D7: =IF($L7="","",INDEX(发货单!$C$20:$C$111,$L7)) | E7: =IF($L7="","",INDEX(发货单!$D$20:$D$111,$L7)) | F7: =IF($L7="","",INDEX(发货单!$E$20:$E$111,$L7)) | G7: =IF($L7="","",INDEX(发货单!$F$20:$F$111,$L7)) | H7: =IF($L7="","",INDEX(发货单!$G$20:$G$111,$L7)) | I7: =IF($L7="","",INDEX(发货单!$H$20:$H$111,$L7)) | J7: =IF($L7="","",IFERROR(IF(VLOOKUP(INDEX(发货单!$I$20:$I$111,$L7),产品库!$B$2:$G$5305,6,FALSE)="","",VLOOKUP(INDEX(发货单!$I$20:$I$111,$L7),产品库!$B$2:$G$5305,6,FALSE)&"%"),"")) | L7: =IFERROR(MATCH(1,发货单!$L$20:$L$111,0),"")
A8: =IF($L8="","","标品") | B8: =IF($L8="","",2) | C8: =IF($L8="","",IFERROR(INDEX(产品库!$A$2:$A$5305,MATCH(INDEX(发货单!$I$20:$I$111,$L8),产品库!$B$2:$B$5305,0)),INDEX(发货单!$B$20:$B$111,$L8))) | D8: =IF($L8="","",INDEX(发货单!$C$20:$C$111,$L8)) | E8: =IF($L8="","",INDEX(发货单!$D$20:$D$111,$L8)) | F8: =IF($L8="","",INDEX(发货单!$E$20:$E$111,$L8)) | G8: =IF($L8="","",INDEX(发货单!$F$20:$F$111,$L8)) | H8: =IF($L8="","",INDEX(发货单!$G$20:$G$111,$L8)) | I8: =IF($L8="","",INDEX(发货单!$H$20:$H$111,$L8)) | J8: =IF($L8="","",IFERROR(IF(VLOOKUP(INDEX(发货单!$I$20:$I$111,$L8),产品库!$B$2:$G$5305,6,FALSE)="","",VLOOKUP(INDEX(发货单!$I$20:$I$111,$L8),产品库!$B$2:$G$5305,6,FALSE)&"%"),"")) | L8: =IFERROR(MATCH(2,发货单!$L$20:$L$111,0),"")
A9: =IF($L9="","","标品") | B9: =IF($L9="","",3) | C9: =IF($L9="","",IFERROR(INDEX(产品库!$A$2:$A$5305,MATCH(INDEX(发货单!$I$20:$I$111,$L9),产品库!$B$2:$B$5305,0)),INDEX(发货单!$B$20:$B$111,$L9))) | D9: =IF($L9="","",INDEX(发货单!$C$20:$C$111,$L9)) | E9: =IF($L9="","",INDEX(发货单!$D$20:$D$111,$L9)) | F9: =IF($L9="","",INDEX(发货单!$E$20:$E$111,$L9)) | G9: =IF($L9="","",INDEX(发货单!$F$20:$F$111,$L9)) | H9: =IF($L9="","",INDEX(发货单!$G$20:$G$111,$L9)) | I9: =IF($L9="","",INDEX(发货单!$H$20:$H$111,$L9)) | J9: =IF($L9="","",IFERROR(IF(VLOOKUP(INDEX(发货单!$I$20:$I$111,$L9),产品库!$B$2:$G$5305,6,FALSE)="","",VLOOKUP(INDEX(发货单!$I$20:$I$111,$L9),产品库!$B$2:$G$5305,6,FALSE)&"%"),"")) | L9: =IFERROR(MATCH(3,发货单!$L$20:$L$111,0),"")
A10: =IF($L10="","","标品") | B10: =IF($L10="","",4) | C10: =IF($L10="","",IFERROR(INDEX(产品库!$A$2:$A$5305,MATCH(INDEX(发货单!$I$20:$I$111,$L10),产品库!$B$2:$B$5305,0)),INDEX(发货单!$B$20:$B$111,$L10))) | D10: =IF($L10="","",INDEX(发货单!$C$20:$C$111,$L10)) | E10: =IF($L10="","",INDEX(发货单!$D$20:$D$111,$L10)) | F10: =IF($L10="","",INDEX(发货单!$E$20:$E$111,$L10)) | G10: =IF($L10="","",INDEX(发货单!$F$20:$F$111,$L10)) | H10: =IF($L10="","",INDEX(发货单!$G$20:$G$111,$L10)) | I10: =IF($L10="","",INDEX(发货单!$H$20:$H$111,$L10)) | J10: =IF($L10="","",IFERROR(IF(VLOOKUP(INDEX(发货单!$I$20:$I$111,$L10),产品库!$B$2:$G$5305,6,FALSE)="","",VLOOKUP(INDEX(发货单!$I$20:$I$111,$L10),产品库!$B$2:$G$5305,6,FALSE)&"%"),"")) | L10: =IFERROR(MATCH(4,发货单!$L$20:$L$111,0),"")
A11: =IF($L11="","","标品") | B11: =IF($L11="","",5) | C11: =IF($L11="","",IFERROR(INDEX(产品库!$A$2:$A$5305,MATCH(INDEX(发货单!$I$20:$I$111,$L11),产品库!$B$2:$B$5305,0)),INDEX(发货单!$B$20:$B$111,$L11))) | D11: =IF($L11="","",INDEX(发货单!$C$20:$C$111,$L11)) | E11: =IF($L11="","",INDEX(发货单!$D$20:$D$111,$L11)) | F11: =IF($L11="","",INDEX(发货单!$E$20:$E$111,$L11)) | G11: =IF($L11="","",INDEX(发货单!$F$20:$F$111,$L11)) | H11: =IF($L11="","",INDEX(发货单!$G$20:$G$111,$L11)) | I11: =IF($L11="","",INDEX(发货单!$H$20:$H$111,$L11)) | J11: =IF($L11="","",IFERROR(IF(VLOOKUP(INDEX(发货单!$I$20:$I$111,$L11),产品库!$B$2:$G$5305,6,FALSE)="","",VLOOKUP(INDEX(发货单!$I$20:$I$111,$L11),产品库!$B$2:$G$5305,6,FALSE)&"%"),"")) | L11: =IFERROR(MATCH(5,发货单!$L$20:$L$111,0),"")
A12: =IF($L12="","","标品") | B12: =IF($L12="","",6) | C12: =IF($L12="","",IFERROR(INDEX(产品库!$A$2:$A$5305,MATCH(INDEX(发货单!$I$20:$I$111,$L12),产品库!$B$2:$B$5305,0)),INDEX(发货单!$B$20:$B$111,$L12))) | D12: =IF($L12="","",INDEX(发货单!$C$20:$C$111,$L12)) | E12: =IF($L12="","",INDEX(发货单!$D$20:$D$111,$L12)) | F12: =IF($L12="","",INDEX(发货单!$E$20:$E$111,$L12)) | G12: =IF($L12="","",INDEX(发货单!$F$20:$F$111,$L12)) | H12: =IF($L12="","",INDEX(发货单!$G$20:$G$111,$L12)) | I12: =IF($L12="","",INDEX(发货单!$H$20:$H$111,$L12)) | J12: =IF($L12="","",IFERROR(IF(VLOOKUP(INDEX(发货单!$I$20:$I$111,$L12),产品库!$B$2:$G$5305,6,FALSE)="","",VLOOKUP(INDEX(发货单!$I$20:$I$111,$L12),产品库!$B$2:$G$5305,6,FALSE)&"%"),"")) | L12: =IFERROR(MATCH(6,发货单!$L$20:$L$111,0),"")
A13: =IF($L13="","","标品") | B13: =IF($L13="","",7) | C13: =IF($L13="","",IFERROR(INDEX(产品库!$A$2:$A$5305,MATCH(INDEX(发货单!$I$20:$I$111,$L13),产品库!$B$2:$B$5305,0)),INDEX(发货单!$B$20:$B$111,$L13))) | D13: =IF($L13="","",INDEX(发货单!$C$20:$C$111,$L13)) | E13: =IF($L13="","",INDEX(发货单!$D$20:$D$111,$L13)) | F13: =IF($L13="","",INDEX(发货单!$E$20:$E$111,$L13)) | G13: =IF($L13="","",INDEX(发货单!$F$20:$F$111,$L13)) | H13: =IF($L13="","",INDEX(发货单!$G$20:$G$111,$L13)) | I13: =IF($L13="","",INDEX(发货单!$H$20:$H$111,$L13)) | J13: =IF($L13="","",IFERROR(IF(VLOOKUP(INDEX(发货单!$I$20:$I$111,$L13),产品库!$B$2:$G$5305,6,FALSE)="","",VLOOKUP(INDEX(发货单!$I$20:$I$111,$L13),产品库!$B$2:$G$5305,6,FALSE)&"%"),"")) | L13: =IFERROR(MATCH(7,发货单!$L$20:$L$111,0),"")
A14: =IF($L14="","","标品") | B14: =IF($L14="","",8) | C14: =IF($L14="","",IFERROR(INDEX(产品库!$A$2:$A$5305,MATCH(INDEX(发货单!$I$20:$I$111,$L14),产品库!$B$2:$B$5305,0)),INDEX(发货单!$B$20:$B$111,$L14))) | D14: =IF($L14="","",INDEX(发货单!$C$20:$C$111,$L14)) | E14: =IF($L14="","",INDEX(发货单!$D$20:$D$111,$L14)) | F14: =IF($L14="","",INDEX(发货单!$E$20:$E$111,$L14)) | G14: =IF($L14="","",INDEX(发货单!$F$20:$F$111,$L14)) | H14: =IF($L14="","",INDEX(发货单!$G$20:$G$111,$L14)) | I14: =IF($L14="","",INDEX(发货单!$H$20:$H$111,$L14)) | J14: =IF($L14="","",IFERROR(IF(VLOOKUP(INDEX(发货单!$I$20:$I$111,$L14),产品库!$B$2:$G$5305,6,FALSE)="","",VLOOKUP(INDEX(发货单!$I$20:$I$111,$L14),产品库!$B$2:$G$5305,6,FALSE)&"%"),"")) | L14: =IFERROR(MATCH(8,发货单!$L$20:$L$111,0),"")
A15: =IF($L15="","","标品") | B15: =IF($L15="","",9) | C15: =IF($L15="","",IFERROR(INDEX(产品库!$A$2:$A$5305,MATCH(INDEX(发货单!$I$20:$I$111,$L15),产品库!$B$2:$B$5305,0)),INDEX(发货单!$B$20:$B$111,$L15))) | D15: =IF($L15="","",INDEX(发货单!$C$20:$C$111,$L15)) | E15: =IF($L15="","",INDEX(发货单!$D$20:$D$111,$L15)) | F15: =IF($L15="","",INDEX(发货单!$E$20:$E$111,$L15)) | G15: =IF($L15="","",INDEX(发货单!$F$20:$F$111,$L15)) | H15: =IF($L15="","",INDEX(发货单!$G$20:$G$111,$L15)) | I15: =IF($L15="","",INDEX(发货单!$H$20:$H$111,$L15)) | J15: =IF($L15="","",IFERROR(IF(VLOOKUP(INDEX(发货单!$I$20:$I$111,$L15),产品库!$B$2:$G$5305,6,FALSE)="","",VLOOKUP(INDEX(发货单!$I$20:$I$111,$L15),产品库!$B$2:$G$5305,6,FALSE)&"%"),"")) | L15: =IFERROR(MATCH(9,发货单!$L$20:$L$111,0),"")
A16: =IF($L16="","","标品") | B16: =IF($L16="","",10) | C16: =IF($L16="","",IFERROR(INDEX(产品库!$A$2:$A$5305,MATCH(INDEX(发货单!$I$20:$I$111,$L16),产品库!$B$2:$B$5305,0)),INDEX(发货单!$B$20:$B$111,$L16))) | D16: =IF($L16="","",INDEX(发货单!$C$20:$C$111,$L16)) | E16: =IF($L16="","",INDEX(发货单!$D$20:$D$111,$L16)) | F16: =IF($L16="","",INDEX(发货单!$E$20:$E$111,$L16)) | G16: =IF($L16="","",INDEX(发货单!$F$20:$F$111,$L16)) | H16: =IF($L16="","",INDEX(发货单!$G$20:$G$111,$L16)) | I16: =IF($L16="","",INDEX(发货单!$H$20:$H$111,$L16)) | J16: =IF($L16="","",IFERROR(IF(VLOOKUP(INDEX(发货单!$I$20:$I$111,$L16),产品库!$B$2:$G$5305,6,FALSE)="","",VLOOKUP(INDEX(发货单!$I$20:$I$111,$L16),产品库!$B$2:$G$5305,6,FALSE)&"%"),"")) | L16: =IFERROR(MATCH(10,发货单!$L$20:$L$111,0),"")
A17: =IF($L17="","","标品") | B17: =IF($L17="","",11) | C17: =IF($L17="","",IFERROR(INDEX(产品库!$A$2:$A$5305,MATCH(INDEX(发货单!$I$20:$I$111,$L17),产品库!$B$2:$B$5305,0)),INDEX(发货单!$B$20:$B$111,$L17))) | D17: =IF($L17="","",INDEX(发货单!$C$20:$C$111,$L17)) | E17: =IF($L17="","",INDEX(发货单!$D$20:$D$111,$L17)) | F17: =IF($L17="","",INDEX(发货单!$E$20:$E$111,$L17)) | G17: =IF($L17="","",INDEX(发货单!$F$20:$F$111,$L17)) | H17: =IF($L17="","",INDEX(发货单!$G$20:$G$111,$L17)) | I17: =IF($L17="","",INDEX(发货单!$H$20:$H$111,$L17)) | J17: =IF($L17="","",IFERROR(IF(VLOOKUP(INDEX(发货单!$I$20:$I$111,$L17),产品库!$B$2:$G$5305,6,FALSE)="","",VLOOKUP(INDEX(发货单!$I$20:$I$111,$L17),产品库!$B$2:$G$5305,6,FALSE)&"%"),"")) | L17: =IFERROR(MATCH(11,发货单!$L$20:$L$111,0),"")
A18: =IF($L18="","","标品") | B18: =IF($L18="","",12) | C18: =IF($L18="","",IFERROR(INDEX(产品库!$A$2:$A$5305,MATCH(INDEX(发货单!$I$20:$I$111,$L18),产品库!$B$2:$B$5305,0)),INDEX(发货单!$B$20:$B$111,$L18))) | D18: =IF($L18="","",INDEX(发货单!$C$20:$C$111,$L18)) | E18: =IF($L18="","",INDEX(发货单!$D$20:$D$111,$L18)) | F18: =IF($L18="","",INDEX(发货单!$E$20:$E$111,$L18)) | G18: =IF($L18="","",INDEX(发货单!$F$20:$F$111,$L18)) | H18: =IF($L18="","",INDEX(发货单!$G$20:$G$111,$L18)) | I18: =IF($L18="","",INDEX(发货单!$H$20:$H$111,$L18)) | J18: =IF($L18="","",IFERROR(IF(VLOOKUP(INDEX(发货单!$I$20:$I$111,$L18),产品库!$B$2:$G$5305,6,FALSE)="","",VLOOKUP(INDEX(发货单!$I$20:$I$111,$L18),产品库!$B$2:$G$5305,6,FALSE)&"%"),"")) | L18: =IFERROR(MATCH(12,发货单!$L$20:$L$111,0),"")
A19: =IF($L19="","","标品") | B19: =IF($L19="","",13) | C19: =IF($L19="","",IFERROR(INDEX(产品库!$A$2:$A$5305,MATCH(INDEX(发货单!$I$20:$I$111,$L19),产品库!$B$2:$B$5305,0)),INDEX(发货单!$B$20:$B$111,$L19))) | D19: =IF($L19="","",INDEX(发货单!$C$20:$C$111,$L19)) | E19: =IF($L19="","",INDEX(发货单!$D$20:$D$111,$L19)) | F19: =IF($L19="","",INDEX(发货单!$E$20:$E$111,$L19)) | G19: =IF($L19="","",INDEX(发货单!$F$20:$F$111,$L19)) | H19: =IF($L19="","",INDEX(发货单!$G$20:$G$111,$L19)) | I19: =IF($L19="","",INDEX(发货单!$H$20:$H$111,$L19)) | J19: =IF($L19="","",IFERROR(IF(VLOOKUP(INDEX(发货单!$I$20:$I$111,$L19),产品库!$B$2:$G$5305,6,FALSE)="","",VLOOKUP(INDEX(发货单!$I$20:$I$111,$L19),产品库!$B$2:$G$5305,6,FALSE)&"%"),"")) | L19: =IFERROR(MATCH(13,发货单!$L$20:$L$111,0),"")
A20: =IF($L20="","","标品") | B20: =IF($L20="","",14) | C20: =IF($L20="","",IFERROR(INDEX(产品库!$A$2:$A$5305,MATCH(INDEX(发货单!$I$20:$I$111,$L20),产品库!$B$2:$B$5305,0)),INDEX(发货单!$B$20:$B$111,$L20))) | D20: =IF($L20="","",INDEX(发货单!$C$20:$C$111,$L20)) | E20: =IF($L20="","",INDEX(发货单!$D$20:$D$111,$L20)) | F20: =IF($L20="","",INDEX(发货单!$E$20:$E$111,$L20)) | G20: =IF($L20="","",INDEX(发货单!$F$20:$F$111,$L20)) | H20: =IF($L20="","",INDEX(发货单!$G$20:$G$111,$L20)) | I20: =IF($L20="","",INDEX(发货单!$H$20:$H$111,$L20)) | J20: =IF($L20="","",IFERROR(IF(VLOOKUP(INDEX(发货单!$I$20:$I$111,$L20),产品库!$B$2:$G$5305,6,FALSE)="","",VLOOKUP(INDEX(发货单!$I$20:$I$111,$L20),产品库!$B$2:$G$5305,6,FALSE)&"%"),"")) | L20: =IFERROR(MATCH(14,发货单!$L$20:$L$111,0),"")
A21: =IF($L21="","","标品") | B21: =IF($L21="","",15) | C21: =IF($L21="","",IFERROR(INDEX(产品库!$A$2:$A$5305,MATCH(INDEX(发货单!$I$20:$I$111,$L21),产品库!$B$2:$B$5305,0)),INDEX(发货单!$B$20:$B$111,$L21))) | D21: =IF($L21="","",INDEX(发货单!$C$20:$C$111,$L21)) | E21: =IF($L21="","",INDEX(发货单!$D$20:$D$111,$L21)) | F21: =IF($L21="","",INDEX(发货单!$E$20:$E$111,$L21)) | G21: =IF($L21="","",INDEX(发货单!$F$20:$F$111,$L21)) | H21: =IF($L21="","",INDEX(发货单!$G$20:$G$111,$L21)) | I21: =IF($L21="","",INDEX(发货单!$H$20:$H$111,$L21)) | J21: =IF($L21="","",IFERROR(IF(VLOOKUP(INDEX(发货单!$I$20:$I$111,$L21),产品库!$B$2:$G$5305,6,FALSE)="","",VLOOKUP(INDEX(发货单!$I$20:$I$111,$L21),产品库!$B$2:$G$5305,6,FALSE)&"%"),"")) | L21: =IFERROR(MATCH(15,发货单!$L$20:$L$111,0),"")
A22: =IF($L22="","","标品") | B22: =IF($L22="","",16) | C22: =IF($L22="","",IFERROR(INDEX(产品库!$A$2:$A$5305,MATCH(INDEX(发货单!$I$20:$I$111,$L22),产品库!$B$2:$B$5305,0)),INDEX(发货单!$B$20:$B$111,$L22))) | D22: =IF($L22="","",INDEX(发货单!$C$20:$C$111,$L22)) | E22: =IF($L22="","",INDEX(发货单!$D$20:$D$111,$L22)) | F22: =IF($L22="","",INDEX(发货单!$E$20:$E$111,$L22)) | G22: =IF($L22="","",INDEX(发货单!$F$20:$F$111,$L22)) | H22: =IF($L22="","",INDEX(发货单!$G$20:$G$111,$L22)) | I22: =IF($L22="","",INDEX(发货单!$H$20:$H$111,$L22)) | J22: =IF($L22="","",IFERROR(IF(VLOOKUP(INDEX(发货单!$I$20:$I$111,$L22),产品库!$B$2:$G$5305,6,FALSE)="","",VLOOKUP(INDEX(发货单!$I$20:$I$111,$L22),产品库!$B$2:$G$5305,6,FALSE)&"%"),"")) | L22: =IFERROR(MATCH(16,发货单!$L$20:$L$111,0),"")
A23: =IF($L23="","","标品") | B23: =IF($L23="","",17) | C23: =IF($L23="","",IFERROR(INDEX(产品库!$A$2:$A$5305,MATCH(INDEX(发货单!$I$20:$I$111,$L23),产品库!$B$2:$B$5305,0)),INDEX(发货单!$B$20:$B$111,$L23))) | D23: =IF($L23="","",INDEX(发货单!$C$20:$C$111,$L23)) | E23: =IF($L23="","",INDEX(发货单!$D$20:$D$111,$L23)) | F23: =IF($L23="","",INDEX(发货单!$E$20:$E$111,$L23)) | G23: =IF($L23="","",INDEX(发货单!$F$20:$F$111,$L23)) | H23: =IF($L23="","",INDEX(发货单!$G$20:$G$111,$L23)) | I23: =IF($L23="","",INDEX(发货单!$H$20:$H$111,$L23)) | J23: =IF($L23="","",IFERROR(IF(VLOOKUP(INDEX(发货单!$I$20:$I$111,$L23),产品库!$B$2:$G$5305,6,FALSE)="","",VLOOKUP(INDEX(发货单!$I$20:$I$111,$L23),产品库!$B$2:$G$5305,6,FALSE)&"%"),"")) | L23: =IFERROR(MATCH(17,发货单!$L$20:$L$111,0),"")
A24: =IF($L24="","","标品") | B24: =IF($L24="","",18) | C24: =IF($L24="","",IFERROR(INDEX(产品库!$A$2:$A$5305,MATCH(INDEX(发货单!$I$20:$I$111,$L24),产品库!$B$2:$B$5305,0)),INDEX(发货单!$B$20:$B$111,$L24))) | D24: =IF($L24="","",INDEX(发货单!$C$20:$C$111,$L24)) | E24: =IF($L24="","",INDEX(发货单!$D$20:$D$111,$L24)) | F24: =IF($L24="","",INDEX(发货单!$E$20:$E$111,$L24)) | G24: =IF($L24="","",INDEX(发货单!$F$20:$F$111,$L24)) | H24: =IF($L24="","",INDEX(发货单!$G$20:$G$111,$L24)) | I24: =IF($L24="","",INDEX(发货单!$H$20:$H$111,$L24)) | J24: =IF($L24="","",IFERROR(IF(VLOOKUP(INDEX(发货单!$I$20:$I$111,$L24),产品库!$B$2:$G$5305,6,FALSE)="","",VLOOKUP(INDEX(发货单!$I$20:$I$111,$L24),产品库!$B$2:$G$5305,6,FALSE)&"%"),"")) | L24: =IFERROR(MATCH(18,发货单!$L$20:$L$111,0),"")
A25: =IF($L25="","","标品") | B25: =IF($L25="","",19) | C25: =IF($L25="","",IFERROR(INDEX(产品库!$A$2:$A$5305,MATCH(INDEX(发货单!$I$20:$I$111,$L25),产品库!$B$2:$B$5305,0)),INDEX(发货单!$B$20:$B$111,$L25))) | D25: =IF($L25="","",INDEX(发货单!$C$20:$C$111,$L25)) | E25: =IF($L25="","",INDEX(发货单!$D$20:$D$111,$L25)) | F25: =IF($L25="","",INDEX(发货单!$E$20:$E$111,$L25)) | G25: =IF($L25="","",INDEX(发货单!$F$20:$F$111,$L25)) | H25: =IF($L25="","",INDEX(发货单!$G$20:$G$111,$L25)) | I25: =IF($L25="","",INDEX(发货单!$H$20:$H$111,$L25)) | J25: =IF($L25="","",IFERROR(IF(VLOOKUP(INDEX(发货单!$I$20:$I$111,$L25),产品库!$B$2:$G$5305,6,FALSE)="","",VLOOKUP(INDEX(发货单!$I$20:$I$111,$L25),产品库!$B$2:$G$5305,6,FALSE)&"%"),"")) | L25: =IFERROR(MATCH(19,发货单!$L$20:$L$111,0),"")
A26: =IF($L26="","","标品") | B26: =IF($L26="","",20) | C26: =IF($L26="","",IFERROR(INDEX(产品库!$A$2:$A$5305,MATCH(INDEX(发货单!$I$20:$I$111,$L26),产品库!$B$2:$B$5305,0)),INDEX(发货单!$B$20:$B$111,$L26))) | D26: =IF($L26="","",INDEX(发货单!$C$20:$C$111,$L26)) | E26: =IF($L26="","",INDEX(发货单!$D$20:$D$111,$L26)) | F26: =IF($L26="","",INDEX(发货单!$E$20:$E$111,$L26)) | G26: =IF($L26="","",INDEX(发货单!$F$20:$F$111,$L26)) | H26: =IF($L26="","",INDEX(发货单!$G$20:$G$111,$L26)) | I26: =IF($L26="","",INDEX(发货单!$H$20:$H$111,$L26)) | J26: =IF($L26="","",IFERROR(IF(VLOOKUP(INDEX(发货单!$I$20:$I$111,$L26),产品库!$B$2:$G$5305,6,FALSE)="","",VLOOKUP(INDEX(发货单!$I$20:$I$111,$L26),产品库!$B$2:$G$5305,6,FALSE)&"%"),"")) | L26: =IFERROR(MATCH(20,发货单!$L$20:$L$111,0),"")
A27: =IF($L27="","","标品") | B27: =IF($L27="","",21) | C27: =IF($L27="","",IFERROR(INDEX(产品库!$A$2:$A$5305,MATCH(INDEX(发货单!$I$20:$I$111,$L27),产品库!$B$2:$B$5305,0)),INDEX(发货单!$B$20:$B$111,$L27))) | D27: =IF($L27="","",INDEX(发货单!$C$20:$C$111,$L27)) | E27: =IF($L27="","",INDEX(发货单!$D$20:$D$111,$L27)) | F27: =IF($L27="","",INDEX(发货单!$E$20:$E$111,$L27)) | G27: =IF($L27="","",INDEX(发货单!$F$20:$F$111,$L27)) | H27: =IF($L27="","",INDEX(发货单!$G$20:$G$111,$L27)) | I27: =IF($L27="","",INDEX(发货单!$H$20:$H$111,$L27)) | J27: =IF($L27="","",IFERROR(IF(VLOOKUP(INDEX(发货单!$I$20:$I$111,$L27),产品库!$B$2:$G$5305,6,FALSE)="","",VLOOKUP(INDEX(发货单!$I$20:$I$111,$L27),产品库!$B$2:$G$5305,6,FALSE)&"%"),"")) | L27: =IFERROR(MATCH(21,发货单!$L$20:$L$111,0),"")
A28: =IF($L28="","","标品") | B28: =IF($L28="","",22) | C28: =IF($L28="","",IFERROR(INDEX(产品库!$A$2:$A$5305,MATCH(INDEX(发货单!$I$20:$I$111,$L28),产品库!$B$2:$B$5305,0)),INDEX(发货单!$B$20:$B$111,$L28))) | D28: =IF($L28="","",INDEX(发货单!$C$20:$C$111,$L28)) | E28: =IF($L28="","",INDEX(发货单!$D$20:$D$111,$L28)) | F28: =IF($L28="","",INDEX(发货单!$E$20:$E$111,$L28)) | G28: =IF($L28="","",INDEX(发货单!$F$20:$F$111,$L28)) | H28: =IF($L28="","",INDEX(发货单!$G$20:$G$111,$L28)) | I28: =IF($L28="","",INDEX(发货单!$H$20:$H$111,$L28)) | J28: =IF($L28="","",IFERROR(IF(VLOOKUP(INDEX(发货单!$I$20:$I$111,$L28),产品库!$B$2:$G$5305,6,FALSE)="","",VLOOKUP(INDEX(发货单!$I$20:$I$111,$L28),产品库!$B$2:$G$5305,6,FALSE)&"%"),"")) | L28: =IFERROR(MATCH(22,发货单!$L$20:$L$111,0),"")
A29: =IF($L29="","","标品") | B29: =IF($L29="","",23) | C29: =IF($L29="","",IFERROR(INDEX(产品库!$A$2:$A$5305,MATCH(INDEX(发货单!$I$20:$I$111,$L29),产品库!$B$2:$B$5305,0)),INDEX(发货单!$B$20:$B$111,$L29))) | D29: =IF($L29="","",INDEX(发货单!$C$20:$C$111,$L29)) | E29: =IF($L29="","",INDEX(发货单!$D$20:$D$111,$L29)) | F29: =IF($L29="","",INDEX(发货单!$E$20:$E$111,$L29)) | G29: =IF($L29="","",INDEX(发货单!$F$20:$F$111,$L29)) | H29: =IF($L29="","",INDEX(发货单!$G$20:$G$111,$L29)) | I29: =IF($L29="","",INDEX(发货单!$H$20:$H$111,$L29)) | J29: =IF($L29="","",IFERROR(IF(VLOOKUP(INDEX(发货单!$I$20:$I$111,$L29),产品库!$B$2:$G$5305,6,FALSE)="","",VLOOKUP(INDEX(发货单!$I$20:$I$111,$L29),产品库!$B$2:$G$5305,6,FALSE)&"%"),"")) | L29: =IFERROR(MATCH(23,发货单!$L$20:$L$111,0),"")
A30: =IF($L30="","","标品") | B30: =IF($L30="","",24) | C30: =IF($L30="","",IFERROR(INDEX(产品库!$A$2:$A$5305,MATCH(INDEX(发货单!$I$20:$I$111,$L30),产品库!$B$2:$B$5305,0)),INDEX(发货单!$B$20:$B$111,$L30))) | D30: =IF($L30="","",INDEX(发货单!$C$20:$C$111,$L30)) | E30: =IF($L30="","",INDEX(发货单!$D$20:$D$111,$L30)) | F30: =IF($L30="","",INDEX(发货单!$E$20:$E$111,$L30)) | G30: =IF($L30="","",INDEX(发货单!$F$20:$F$111,$L30)) | H30: =IF($L30="","",INDEX(发货单!$G$20:$G$111,$L30)) | I30: =IF($L30="","",INDEX(发货单!$H$20:$H$111,$L30)) | J30: =IF($L30="","",IFERROR(IF(VLOOKUP(INDEX(发货单!$I$20:$I$111,$L30),产品库!$B$2:$G$5305,6,FALSE)="","",VLOOKUP(INDEX(发货单!$I$20:$I$111,$L30),产品库!$B$2:$G$5305,6,FALSE)&"%"),"")) | L30: =IFERROR(MATCH(24,发货单!$L$20:$L$111,0),"")
A31: =IF($L31="","","标品") | B31: =IF($L31="","",25) | C31: =IF($L31="","",IFERROR(INDEX(产品库!$A$2:$A$5305,MATCH(INDEX(发货单!$I$20:$I$111,$L31),产品库!$B$2:$B$5305,0)),INDEX(发货单!$B$20:$B$111,$L31))) | D31: =IF($L31="","",INDEX(发货单!$C$20:$C$111,$L31)) | E31: =IF($L31="","",INDEX(发货单!$D$20:$D$111,$L31)) | F31: =IF($L31="","",INDEX(发货单!$E$20:$E$111,$L31)) | G31: =IF($L31="","",INDEX(发货单!$F$20:$F$111,$L31)) | H31: =IF($L31="","",INDEX(发货单!$G$20:$G$111,$L31)) | I31: =IF($L31="","",INDEX(发货单!$H$20:$H$111,$L31)) | J31: =IF($L31="","",IFERROR(IF(VLOOKUP(INDEX(发货单!$I$20:$I$111,$L31),产品库!$B$2:$G$5305,6,FALSE)="","",VLOOKUP(INDEX(发货单!$I$20:$I$111,$L31),产品库!$B$2:$G$5305,6,FALSE)&"%"),"")) | L31: =IFERROR(MATCH(25,发货单!$L$20:$L$111,0),"")
A32: =IF($L32="","","标品") | B32: =IF($L32="","",26) | C32: =IF($L32="","",IFERROR(INDEX(产品库!$A$2:$A$5305,MATCH(INDEX(发货单!$I$20:$I$111,$L32),产品库!$B$2:$B$5305,0)),INDEX(发货单!$B$20:$B$111,$L32))) | D32: =IF($L32="","",INDEX(发货单!$C$20:$C$111,$L32)) | E32: =IF($L32="","",INDEX(发货单!$D$20:$D$111,$L32)) | F32: =IF($L32="","",INDEX(发货单!$E$20:$E$111,$L32)) | G32: =IF($L32="","",INDEX(发货单!$F$20:$F$111,$L32)) | H32: =IF($L32="","",INDEX(发货单!$G$20:$G$111,$L32)) | I32: =IF($L32="","",INDEX(发货单!$H$20:$H$111,$L32)) | J32: =IF($L32="","",IFERROR(IF(VLOOKUP(INDEX(发货单!$I$20:$I$111,$L32),产品库!$B$2:$G$5305,6,FALSE)="","",VLOOKUP(INDEX(发货单!$I$20:$I$111,$L32),产品库!$B$2:$G$5305,6,FALSE)&"%"),"")) | L32: =IFERROR(MATCH(26,发货单!$L$20:$L$111,0),"")
A33: =IF($L33="","","标品") | B33: =IF($L33="","",27) | C33: =IF($L33="","",IFERROR(INDEX(产品库!$A$2:$A$5305,MATCH(INDEX(发货单!$I$20:$I$111,$L33),产品库!$B$2:$B$5305,0)),INDEX(发货单!$B$20:$B$111,$L33))) | D33: =IF($L33="","",INDEX(发货单!$C$20:$C$111,$L33)) | E33: =IF($L33="","",INDEX(发货单!$D$20:$D$111,$L33)) | F33: =IF($L33="","",INDEX(发货单!$E$20:$E$111,$L33)) | G33: =IF($L33="","",INDEX(发货单!$F$20:$F$111,$L33)) | H33: =IF($L33="","",INDEX(发货单!$G$20:$G$111,$L33)) | I33: =IF($L33="","",INDEX(发货单!$H$20:$H$111,$L33)) | J33: =IF($L33="","",IFERROR(IF(VLOOKUP(INDEX(发货单!$I$20:$I$111,$L33),产品库!$B$2:$G$5305,6,FALSE)="","",VLOOKUP(INDEX(发货单!$I$20:$I$111,$L33),产品库!$B$2:$G$5305,6,FALSE)&"%"),"")) | L33: =IFERROR(MATCH(27,发货单!$L$20:$L$111,0),"")
A34: =IF($L34="","","标品") | B34: =IF($L34="","",28) | C34: =IF($L34="","",IFERROR(INDEX(产品库!$A$2:$A$5305,MATCH(INDEX(发货单!$I$20:$I$111,$L34),产品库!$B$2:$B$5305,0)),INDEX(发货单!$B$20:$B$111,$L34))) | D34: =IF($L34="","",INDEX(发货单!$C$20:$C$111,$L34)) | E34: =IF($L34="","",INDEX(发货单!$D$20:$D$111,$L34)) | F34: =IF($L34="","",INDEX(发货单!$E$20:$E$111,$L34)) | G34: =IF($L34="","",INDEX(发货单!$F$20:$F$111,$L34)) | H34: =IF($L34="","",INDEX(发货单!$G$20:$G$111,$L34)) | I34: =IF($L34="","",INDEX(发货单!$H$20:$H$111,$L34)) | J34: =IF($L34="","",IFERROR(IF(VLOOKUP(INDEX(发货单!$I$20:$I$111,$L34),产品库!$B$2:$G$5305,6,FALSE)="","",VLOOKUP(INDEX(发货单!$I$20:$I$111,$L34),产品库!$B$2:$G$5305,6,FALSE)&"%"),"")) | L34: =IFERROR(MATCH(28,发货单!$L$20:$L$111,0),"")
A35: =IF($L35="","","标品") | B35: =IF($L35="","",29) | C35: =IF($L35="","",IFERROR(INDEX(产品库!$A$2:$A$5305,MATCH(INDEX(发货单!$I$20:$I$111,$L35),产品库!$B$2:$B$5305,0)),INDEX(发货单!$B$20:$B$111,$L35))) | D35: =IF($L35="","",INDEX(发货单!$C$20:$C$111,$L35)) | E35: =IF($L35="","",INDEX(发货单!$D$20:$D$111,$L35)) | F35: =IF($L35="","",INDEX(发货单!$E$20:$E$111,$L35)) | G35: =IF($L35="","",INDEX(发货单!$F$20:$F$111,$L35)) | H35: =IF($L35="","",INDEX(发货单!$G$20:$G$111,$L35)) | I35: =IF($L35="","",INDEX(发货单!$H$20:$H$111,$L35)) | J35: =IF($L35="","",IFERROR(IF(VLOOKUP(INDEX(发货单!$I$20:$I$111,$L35),产品库!$B$2:$G$5305,6,FALSE)="","",VLOOKUP(INDEX(发货单!$I$20:$I$111,$L35),产品库!$B$2:$G$5305,6,FALSE)&"%"),"")) | L35: =IFERROR(MATCH(29,发货单!$L$20:$L$111,0),"")
A36: =IF($L36="","","标品") | B36: =IF($L36="","",30) | C36: =IF($L36="","",IFERROR(INDEX(产品库!$A$2:$A$5305,MATCH(INDEX(发货单!$I$20:$I$111,$L36),产品库!$B$2:$B$5305,0)),INDEX(发货单!$B$20:$B$111,$L36))) | D36: =IF($L36="","",INDEX(发货单!$C$20:$C$111,$L36)) | E36: =IF($L36="","",INDEX(发货单!$D$20:$D$111,$L36)) | F36: =IF($L36="","",INDEX(发货单!$E$20:$E$111,$L36)) | G36: =IF($L36="","",INDEX(发货单!$F$20:$F$111,$L36)) | H36: =IF($L36="","",INDEX(发货单!$G$20:$G$111,$L36)) | I36: =IF($L36="","",INDEX(发货单!$H$20:$H$111,$L36)) | J36: =IF($L36="","",IFERROR(IF(VLOOKUP(INDEX(发货单!$I$20:$I$111,$L36),产品库!$B$2:$G$5305,6,FALSE)="","",VLOOKUP(INDEX(发货单!$I$20:$I$111,$L36),产品库!$B$2:$G$5305,6,FALSE)&"%"),"")) | L36: =IFERROR(MATCH(30,发货单!$L$20:$L$111,0),"")
A37: 合计 | F37: =SUM(F7:F36) | G37: =SUM(G7:G36) | I37: =SUM(I7:I36)
A38: =IF(COUNT(发货单!$L$20:$L$111)>30,"⚠ 发货单共 "&COUNT(发货单!$L$20:$L$111)&" 行，本表只显示前 30 行，请分单打印","")
A39: 上期余款： | F39: 本次货款： | G39: =$I$37
A40: 本次汇款： | F40: 累计欠款：
A42: 名称：山东锐泽通供应链有限公司
A43: 纳税识别号：91370700MAE76XJ539
A44: 银行账号：1607002109200393290
A45: 开户行：中国工商银行股份有限公司潍坊潍城支行
A46: 开户行行号：102458000224
A47: 联系电话：18863616618
A48: 邮箱：814844713@qq.com
A50: 注：本表由发货单自动生成，最终以金蝶应收单为准。

Sheet 产品库
A1: 产品名称 | B1: 物料编码 | C1: 包装规格 | D1: 单件重量(kg/箱) | E1: 可售公司 | F1: 建议销售公司 | G1: 税率%
A2: (E) 草原宏达黑椒翅中 1*10 | B2: 08028492 | C2: 1*10 | D2: 10 | E2: 山东新和盛飨食集团有限公司2020 | F2: 山东新和盛飨食集团有限公司2020 | G2: 9
A3: (E)国潮香酥伴翅 1*10 | B3: 08028425 | C3: 1*10 | D3: 10 | E3: 山东新和盛飨食集团有限公司2020 | F3: 山东新和盛飨食集团有限公司2020 | G3: 9
A4: (E)国潮鸡架（约客）2.5*4 | B4: 08028465 | C4: 2.5*4 | D4: 10 | E4: 山东新和盛飨食集团有限公司2020 | F4: 山东新和盛飨食集团有限公司2020 | G4: 9
A5: (E)将卤客士调理原味腿肉 1.07*10 | B5: 08028276 | C5: 1.07*10 | D5: 10.7 | E5: 山东新和盛飨食集团有限公司2020 | F5: 山东新和盛飨食集团有限公司2020 | G5: 9
A6: (E)将卤客士调理香辣腿肉 1.07*10 | B6: 08028277 | C6: 1.07*10 | D6: 10.7 | E6: 山东新和盛飨食集团有限公司2020 | F6: 山东新和盛飨食集团有限公司2020 | G6: 9
A7: (E)将卤客士调理香辣腿肉 1.42*10 | B7: 08028377 | C7: 1.42*10 | D7: 14.2 | E7: 山东新和盛飨食集团有限公司2020 | F7: 山东新和盛飨食集团有限公司2020 | G7: 9
A8: (E)美事堡腌制琵琶腿，2.5*4 | B8: 08028262 | C8: 2.5*4 | D8: 10 | E8: 山东新和盛飨食集团有限公司2020 | F8: 山东新和盛飨食集团有限公司2020 | G8: 9
A9: (E)美事堡腌制翅根，2.5*4 | B9: 08028261 | C9: 2.5*4 | D9: 10 | E9: 山东新和盛飨食集团有限公司2020 | F9: 山东新和盛飨食集团有限公司2020 | G9: 9
A10: (E)调理奥尔良风味琵琶腿 2*6 | B10: 08028415 | C10: 2*6 | D10: 12 | E10: 山东新和盛飨食集团有限公司2020 | F10: 山东新和盛飨食集团有限公司2020 | G10: 9
A11: (E)调理琵琶腿，2.5*4 | B11: 08028260 | C11: 2.5*4 | D11: 10 | E11: 山东新和盛飨食集团有限公司2020 | F11: 山东新和盛飨食集团有限公司2020 | G11: 9
A12: (E)辣条风味鸡翅尖1*10 ‖ 1*10 ‖ 08028430 | B12: 08028430 | C12: 1*10 | D12: 10 | E12: 山东新和盛飨食集团有限公司2020 | F12: 山东新和盛飨食集团有限公司2020 | G12: 9
A13: (E)辣条风味鸡翅尖1*10 ‖ 1*10 ‖ 09900179 | B13: 09900179 | C13: 1*10 | D13: 10 | E13: 山东新和盛飨食集团有限公司2020 | F13: 山东新和盛飨食集团有限公司2020 | G13: 13
... A103: (T）薄荷风味炸鸡块（芝美达）1*10 | B103: 09016247 | C103: 1*10 | D103: 10 | E103: 山东新和盛飨食集团有限公司2020 | F103: 山东新和盛飨食集团有限公司2020 | G103: 13
A104: (麦翁)掌上披萨意式肉酱外贴 | B104: 031950142 | E104: 锦州新和盛食品有限公司2020 | F104: 锦州新和盛食品有限公司2020
A105: 100g原味龙田扬棒 （韩国爱宝健）1*12 | B105: 09028110 | C105: 1*12 | D105: 12 | E105: 山东新和盛飨食集团有限公司2020 | F105: 山东新和盛飨食集团有限公司2020 | G105: 13
A106: 100g汉堡饼（吉尔吉斯斯坦） 1*10 （sy） | B106: 1104358 | C106: 1*10 | D106: 10 | E106: 山东新和盛飨食集团有限公司2020 | F106: 山东新和盛飨食集团有限公司2020 | G106: 13
A107: 100g辣味龙田扬棒 （韩国爱宝健）1*12 | B107: 09028111 | C107: 1*12 | D107: 12 | E107: 山东新和盛飨食集团有限公司2020 | F107: 山东新和盛飨食集团有限公司2020 | G107: 13
A108: 101大鸡排（日本友盛） 1.125*8 | B108: 09028184 | C108: 1.125*8 | D108: 9 | E108: 山东新和盛飨食集团有限公司2020 | F108: 山东新和盛飨食集团有限公司2020 | G108: 13
A109: 110g原味大胸 0.55*10 | B109: 09015899 | C109: 0.55*10 | D109: 5.5 | E109: 山东新和盛飨食集团有限公司2020 | F109: 山东新和盛飨食集团有限公司2020 | G109: 13
A110: 110g原味大胸0.99*5 | B110: 09015935 | C110: 0.99*5 | D110: 4.95 | E110: 山东新和盛飨食集团有限公司2020 | F110: 山东新和盛飨食集团有限公司2020 | G110: 13
A111: 110g黑椒大胸 0.99*5 | B111: 09010353 | C111: 0.99*5 | D111: 4.95 | E111: 山东新和盛飨食集团有限公司2020 | F111: 山东新和盛飨食集团有限公司2020 | G111: 13
A112: 110g黑椒大胸0.55*10 | B112: 09015904 | C112: 0.55*10 | D112: 5.5 | E112: 山东新和盛飨食集团有限公司2020 | F112: 山东新和盛飨食集团有限公司2020 | G112: 13
A113: 115汉堡腿肉 1.15*18 | B113: 07042654 | C113: 1.15*18 | D113: 20.7 | E113: 山东新和盛飨食集团有限公司2020 | F113: 山东新和盛飨食集团有限公司2020 | G113: 9
A114: 120g龙田扬胸排（日本OISIX） 1.2*10 | B114: 09028071 | C114: 1.2*10 | D114: 12 | E114: 山东新和盛飨食集团有限公司2020 | F114: 山东新和盛飨食集团有限公司2020 | G114: 13
A115: 120g龙田扬腿排（日本OISIX） 1.2*10 | B115: 09028069 | C115: 1.2*10 | D115: 12 | E115: 山东新和盛飨食集团有限公司2020 | F115: 山东新和盛飨食集团有限公司2020 | G115: 13
A116: 125g原味大胸 （德国亚洲） 1*10 | B116: 09027887 | C116: 1*10 | D116: 10 | E116: 山东新和盛飨食集团有限公司2020 | F116: 山东新和盛飨食集团有限公司2020 | G116: 13
... A122: 150g原味胸排（匈牙利樱桃）大包装 5*2 | B122: 09070273 | C122: 5*2 | D122: 10 | E122: 山东新和盛飨食集团有限公司2020 | F122: 山东新和盛飨食集团有限公司2020 | G122: 13
A123: 150g汉堡盒 | B123: 03400005 | E123: 山东新和盛飨食集团有限公司2020 | F123: 山东新和盛飨食集团有限公司2020 | G123: 13
A124: 150g色拉鸡大胸排 （大和）0.15*40*2 | B124: 09027944 | C124: 0.15*40*2 | D124: 12 | E124: 山东新和盛飨食集团有限公司2020 | F124: 山东新和盛飨食集团有限公司2020 | G124: 13
A125: 150g辣味胸排 1.5*8 | B125: 09010070 | C125: 1.5*8 | D125: 12 | E125: 山东新和盛飨食集团有限公司2020 | F125: 山东新和盛飨食集团有限公司2020 | G125: 13
A126: 18#肠衣 | B126: 02110002 | E126: 山东新和盛食品有限公司2020 | F126: 山东新和盛食品有限公司2020 | G126: 13
A127: 200g色拉大胸（日本TF） 1*6*2 | B127: 09028055 | C127: 1*6*2 | D127: 12 | E127: 山东新和盛飨食集团有限公司2020 | F127: 山东新和盛飨食集团有限公司2020 | G127: 13
A128: 206鸡肉香精 | B128: 02150001 | E128: 山东新和盛食品有限公司2020 | F128: 山东新和盛食品有限公司2020 | G128: 13
A129: 20g成型鸡块 （松田） 1*12 | B129: 09027928 | C129: 1*12 | D129: 12 | E129: 山东新和盛飨食集团有限公司2020 | F129: 山东新和盛飨食集团有限公司2020 | G129: 13
A130: 20g成型鸡块PH（日本松田） 1*12 | B130: 09028134 | C130: 1*12 | D130: 12 | E130: 山东新和盛飨食集团有限公司2020 | F130: 山东新和盛飨食集团有限公司2020 | G130: 13
A131: 20g成型鸡块（松田）新版 1*12 | B131: 09028178 | C131: 1*12 | D131: 12 | E131: 山东新和盛飨食集团有限公司2020 | F131: 山东新和盛飨食集团有限公司2020 | G131: 13
A132: 20以下翅中（上字） 5*2 | B132: 14024131 | C132: 5*2 | D132: 10 | E132: 山东新和盛食品有限公司2020 | F132: 山东新和盛食品有限公司2020 | G132: 9
A133: 22g炸鸡块B 1*10 | B133: 09040345 | C133: 1*10 | D133: 10 | E133: 山东新和盛飨食集团有限公司2020 | F133: 山东新和盛飨食集团有限公司2020 | G133: 13
A134: 23g胸肉龙田扬（日本南海） 1*10 | B134: 09016439 | C134: 1*10 | D134: 10 | E134: 山东新和盛飨食集团有限公司2020 | F134: 山东新和盛飨食集团有限公司2020 | G134: 13
A135: 25/35翅根 10*2 | B135: 14024117 | C135: 10*2 | D135: 20 | E135: 山东新和盛食品有限公司2020 | F135: 山东新和盛食品有限公司2020 | G135: 9
A136: 26#肠衣 | B136: 02110005 | E136: 山东新和盛食品有限公司2020 | F136: 山东新和盛食品有限公司2020 | G136: 13
A137: 26g生腿肉串 1.3*6 | B137: 06151213 | C137: 1.3*6 | D137: 7.8 | E137: 山东新和盛飨食集团有限公司2020 | F137: 山东新和盛飨食集团有限公司2020 | G137: 9
A138: 27g生腿肉串 1.35*6 | B138: 0622096 | C138: 1.35*6 | D138: 8.1 | E138: 山东新和盛飨食集团有限公司2020 | F138: 山东新和盛飨食集团有限公司2020 | G138: 9
A139: 2号猪肉（奉天嘉宜） | B139: 06610024 | C139: 10kg/件 | D139: 10 | E139: 辽宁圣源食品有限公司2020 | F139: 辽宁圣源食品有限公司2020 | G139: 9
A140: 30/40爪 | B140: 14030003 | C140: 10*1 | D140: 10 | E140: 山东新和盛食品有限公司2020 | F140: 山东新和盛食品有限公司2020
A141: 30g炭烤腿肉串（荷兰）1.5*6 | B141: 09027673 | C141: 1.5*6 | D141: 9 | E141: 山东新和盛飨食集团有限公司2020 | F141: 山东新和盛飨食集团有限公司2020 | G141: 13
A142: 30g炭烤酱味腿肉串1.5*6(奥地利) | B142: 09020224 | C142: 1.5*6 | D142: 9 | E142: 山东新和盛飨食集团有限公司2020 | F142: 山东新和盛飨食集团有限公司2020 | G142: 13
A143: 30g生腿肉串 1.5*6 | B143: 06151212 | C143: 1.5*6 | D143: 9 | E143: 山东新和盛飨食集团有限公司2020 | F143: 山东新和盛飨食集团有限公司2020 | G143: 9
A144: 30g腿肉串(荷兰虾哺)7.47*1 | B144: 08010231 | C144: （41.5g*180）*1=7.47kg | D144: 55800.9 | E144: 辽宁圣源食品有限公司2020 | F144: 辽宁圣源食品有限公司2020 | G144: 9
A145: 30g腿肉串（荷兰虾哺）4.98*1 | B145: 08010241 | C145: （41.5g*120）*1=4.98kg | D145: 24800.4 | E145: 辽宁圣源食品有限公司2020 | F145: 辽宁圣源食品有限公司2020 | G145: 9
A146: 35g以上1/2凤爪 2.5*4 | B146: 07010252 | C146: 2.5*4 | D146: 10 | E146: 山东新和盛飨食集团有限公司2020 | F146: 山东新和盛飨食集团有限公司2020 | G146: 9
A147: 38g川香鸡柳 0.95*10 | B147: 06210044 | C147: 0.95*10 | D147: 9.5 | E147: 山东新和盛飨食集团有限公司2020 | F147: 山东新和盛飨食集团有限公司2020 | G147: 9
A148: 40g蒸烤成型胸排（松田） 1*12 | B148: 09027992 | C148: 1*12 | D148: 12 | E148: 山东新和盛飨食集团有限公司2020 | F148: 山东新和盛飨食集团有限公司2020 | G148: 13
A149: 45g迷你脆排(巴林) 0.9*10 | B149: 09015951 | C149: 0.9*10 | D149: 9 | E149: 山东新和盛飨食集团有限公司2020 | F149: 山东新和盛飨食集团有限公司2020 | G149: 13
A150: 50-53鸡腿堡原料 | B150: 16020492 | C150: 10*1 | D150: 10 | E150: 锦州新和盛食品有限公司2020 | F150: 锦州新和盛食品有限公司2020 | G150: 9
A151: 50g油炸胸排MS （松田） 1*10 | B151: 09027952 | C151: 1*10 | D151: 10 | E151: 山东新和盛飨食集团有限公司2020 | F151: 山东新和盛飨食集团有限公司2020 | G151: 13
A152: 50g油炸胸排N2（松田） 1*12 | B152: 09027991 | C152: 1*12 | D152: 12 | E152: 山东新和盛飨食集团有限公司2020 | F152: 山东新和盛飨食集团有限公司2020 | G152: 13
... A164: 70G肉好多烤肠（新配方） | B164: 09020021 | C164: 1.26*10 | D164: 12.6 | E164: 山东新和盛飨食集团有限公司2020 | F164: 山东新和盛飨食集团有限公司2020 | G164: 13
A165: 70g原味汉堡饼(蒙古 rife) 0.98*10 （出口） | B165: 09900181 | C165: 0.98*10 | D165: 9.8 | E165: 山东新和盛飨食集团有限公司2020 | F165: 山东新和盛飨食集团有限公司2020
A166: 70g原味汉堡饼（清真sy） 0.98*10 | B166: 1104062 | C166: 0.98*10 | D166: 9.8 | E166: 山东新和盛飨食集团有限公司2020 | F166: 山东新和盛飨食集团有限公司2020 | G166: 13
A167: 70g墨鱼风味烤肠 1.26*10 | B167: 09020093 | C167: 1.26*10 | D167: 12.6 | E167: 山东新和盛飨食集团有限公司2020 | F167: 山东新和盛飨食集团有限公司2020 | G167: 13
A168: 70g墨鱼风味烤肠1.26*10（外购农牧） | B168: 1104087 | C168: 1.26*10 | D168: 12.6 | E168: 辽宁圣源食品有限公司2020 | F168: 辽宁圣源食品有限公司2020 | G168: 13
A169: 70g炭烤酱味腿肉串 0.28*15 | B169: 09027585 | C169: 0.28*15 | D169: 4.2 | E169: 山东新和盛飨食集团有限公司2020 | F169: 山东新和盛飨食集团有限公司2020 | G169: 13
A170: 70g肉好多烤肠 0.98*10 | B170: 09027823 | C170: 0.98*10 | D170: 9.8 | E170: 山东新和盛飨食集团有限公司2020 | F170: 山东新和盛飨食集团有限公司2020 | G170: 13
A171: 70g肉好多烤肠（新配方）1.26*10（外购农牧） | B171: 1104006 | C171: 1.26*10 | D171: 12.6 | E171: 辽宁圣源食品有限公司2020 | F171: 辽宁圣源食品有限公司2020 | G171: 13
A172: 80%肉含量烤肠切片（68℃梨泰院）1*10 | B172: 09027921 | C172: 1*10 | D172: 10 | E172: 山东新和盛飨食集团有限公司2020 | F172: 山东新和盛飨食集团有限公司2020 | G172: 13
A173: 95g原味胸排 0.95*10 | B173: 09010066 | C173: 0.95*10 | D173: 9.5 | E173: 山东新和盛飨食集团有限公司2020 | F173: 山东新和盛飨食集团有限公司2020 | G173: 13
A174: 95g辣味胸排 0.95*10 | B174: 09010069 | C174: 0.95*10 | D174: 9.5 | E174: 山东新和盛飨食集团有限公司2020 | F174: 山东新和盛飨食集团有限公司2020 | G174: 13
A175: :奥尔良全腿10条（黄）无清真 2.25*4 | B175: 09028035 | C175: 2.25*4 | D175: 9 | E175: 山东新和盛食品有限公司2020 | F175: 山东新和盛食品有限公司2020 | G175: 13
A176: :奥尔良全腿11条（透明）无清真 2.25*4 | B176: 09028029 | C176: 2.25*4 | D176: 9 | E176: 山东新和盛食品有限公司2020 | F176: 山东新和盛食品有限公司2020 | G176: 13
A177: :蜜香风味腿肉块 1*10 | B177: 08028369 | C177: 1*10 | D177: 10 | E177: 山东新和盛食品有限公司2020 | F177: 山东新和盛食品有限公司2020 | G177: 9
... A196: BBQ风味烤翅中（麦好多）1*10 | B196: 08020474 | C196: 1*10 | D196: 10 | E196: 辽宁圣源食品有限公司2020 | F196: 辽宁圣源食品有限公司2020 | G196: 9
A197: BBQ风味烤鸡对翅 1*12 | B197: 09027009 | C197: 1*12 | D197: 12 | E197: 山东新和盛飨食集团有限公司2020 | F197: 山东新和盛飨食集团有限公司2020
A198: BBQ风味翅中C 1*10 | B198: 09050806 | C198: 1*10 | D198: 10 | E198: 山东新和盛飨食集团有限公司2020 | F198: 山东新和盛飨食集团有限公司2020 | G198: 13
A199: BBQ风味翅中X 1*10 | B199: 09050665 | C199: 1*10 | D199: 10 | E199: 山东新和盛飨食集团有限公司2020 | F199: 山东新和盛飨食集团有限公司2020 | G199: 13
A200: BBQ风味翅根C 1*10 | B200: 09050670 | C200: 1*10 | D200: 10 | E200: 山东新和盛飨食集团有限公司2020 | F200: 山东新和盛飨食集团有限公司2020 | G200: 13
A201: BBQ风味翅根X 1*10 | B201: 09050703 | C201: 1*10 | D201: 10 | E201: 山东新和盛飨食集团有限公司2020 | F201: 山东新和盛飨食集团有限公司2020 | G201: 13
A202: BESUL出口琵琶腿（0407） 10*1 | B202: 07042603 | C202: 10*1 | D202: 10 | E202: 山东新和盛飨食集团有限公司2020 | F202: 山东新和盛飨食集团有限公司2020 | G202: 9
A203: BL琵琶腿 10*1 | B203: 07041550 | C203: 10*1 | D203: 10 | E203: 山东新和盛飨食集团有限公司2020 | F203: 山东新和盛飨食集团有限公司2020 | G203: 9
A204: BL翅中10*1 | B204: 07060793 | C204: 10*1 | D204: 10 | E204: 山东新和盛飨食集团有限公司2020 | F204: 山东新和盛飨食集团有限公司2020 | G204: 9
A205: BY根 | B205: 14024059 | C205: 10*1 | D205: 10 | E205: 山东新和盛食品有限公司2020 | F205: 山东新和盛食品有限公司2020 | G205: 9
A206: BY根（G）10*1 | B206: 07061515 | C206: 10*1 | D206: 10 | E206: 山东新和盛飨食集团有限公司2020 | F206: 山东新和盛飨食集团有限公司2020 | G206: 9
A207: BY琵琶腿 10*1 | B207: 07041551 | C207: 10*1 | D207: 10 | E207: 山东新和盛飨食集团有限公司2020 | F207: 山东新和盛飨食集团有限公司2020 | G207: 9
A208: BY琵琶腿（二冷来料加工） 10*1 | B208: 07042507 | C208: 10*1 | D208: 10 | E208: 山东新和盛飨食集团有限公司2020 | F208: 山东新和盛飨食集团有限公司2020 | G208: 9
A209: BY翅中 | B209: 14024055 | C209: 10*2 | D209: 20 | E209: 山东新和盛食品有限公司2020 | F209: 山东新和盛食品有限公司2020 | G209: 9
... A216: B翅根L（箱） 10*1 | B216: 07060855 | C216: 10*1 | D216: 10 | E216: 山东新和盛飨食集团有限公司2020 | F216: 山东新和盛飨食集团有限公司2020 | G216: 9
A217: B翅根L（箱）1*10 | B217: 07060648 | C217: 1*10 | D217: 10 | E217: 山东新和盛飨食集团有限公司2020 | F217: 山东新和盛飨食集团有限公司2020
A218: B翅根Y 10*1 | B218: 07060428 | C218: 10*1 | D218: 10 | E218: 山东新和盛飨食集团有限公司2020 | F218: 山东新和盛飨食集团有限公司2020 | G218: 9
A219: C98开花鸡扒 1*10 | B219: 08028338 | C219: 1*10 | D219: 10 | E219: 山东新和盛食品有限公司2020 | F219: 山东新和盛食品有限公司2020 | G219: 9
A220: C尖 10*1 | B220: 07060606 | C220: 10*1 | D220: 10 | E220: 山东新和盛飨食集团有限公司2020 | F220: 山东新和盛飨食集团有限公司2020
A221: C翅尖 10*2 | B221: 07060338 | C221: 10*2 | D221: 20 | E221: 山东新和盛食品有限公司2020 | F221: 山东新和盛食品有限公司2020 | G221: 9
A222: C胸 10*1 | B222: 07035215 | C222: 10*1 | D222: 10 | E222: 山东新和盛飨食集团有限公司2020 | F222: 山东新和盛飨食集团有限公司2020 | G222: 9
A223: D-05 | B223: 0202679 | E223: 山东新和盛食品有限公司2020 | F223: 山东新和盛食品有限公司2020 | G223: 13
A224: D-07B | B224: 02020144 | E224: 山东新和盛食品有限公司2020 | F224: 山东新和盛食品有限公司2020 | G224: 13
A225: D-07a | B225: 0202401 | E225: 山东新和盛食品有限公司2020 | F225: 山东新和盛食品有限公司2020 | G225: 13
A226: D-113A | B226: 02020032 | E226: 山东新和盛飨食集团有限公司2020 | F226: 山东新和盛飨食集团有限公司2020 | G226: 13
A227: D-113B | B227: 02020033 | E227: 山东新和盛飨食集团有限公司2020 | F227: 山东新和盛飨食集团有限公司2020 | G227: 13
A228: D-113C | B228: 02020034 | E228: 山东新和盛飨食集团有限公司2020 | F228: 山东新和盛飨食集团有限公司2020 | G228: 13
A229: D-12 | B229: 02020011 | E229: 山东新和盛食品有限公司2020 | F229: 山东新和盛食品有限公司2020 | G229: 13
...

Sheet 搜索
A1: 第1组 | B1: 第2组 | C1: 第3组 | D1: 第4组 | F1: 客户 | G1: 终端客户 | H1: =SUMPRODUCT((发货单!$B$18<>"")*ISNUMBER(SEARCH(发货单!$B$18,产品库!$E$2:$E$5305))*((发货单!$E$18="")+ISNUMBER(SEARCH(发货单!$E$18,产品库!$A$2:$A$5305))+ISNUMBER(SEARCH(发货单!$E$18,产品库!$B$2:$B$5305))>0)) | I1: =SUMPRODUCT((发货单!$B$42<>"")*ISNUMBER(SEARCH(发货单!$B$42,产品库!$E$2:$E$5305))*((发货单!$E$42="")+ISNUMBER(SEARCH(发货单!$E$42,产品库!$A$2:$A$5305))+ISNUMBER(SEARCH(发货单!$E$42,产品库!$B$2:$B$5305))>0)) | J1: =SUMPRODUCT((发货单!$B$66<>"")*ISNUMBER(SEARCH(发货单!$B$66,产品库!$E$2:$E$5305))*((发货单!$E$66="")+ISNUMBER(SEARCH(发货单!$E$66,产品库!$A$2:$A$5305))+ISNUMBER(SEARCH(发货单!$E$66,产品库!$B$2:$B$5305))>0)) | K1: =SUMPRODUCT((发货单!$B$90<>"")*ISNUMBER(SEARCH(发货单!$B$90,产品库!$E$2:$E$5305))*((发货单!$E$90="")+ISNUMBER(SEARCH(发货单!$E$90,产品库!$A$2:$A$5305))+ISNUMBER(SEARCH(发货单!$E$90,产品库!$B$2:$B$5305))>0))
A2: {=IFERROR(INDEX(产品库!$A$2:$A$5305,SMALL(IF((发货单!$B$18<>"")*ISNUMBER(SEARCH(发货单!$B$18,产品库!$E$2:$E$5305))*((发货单!$E$18="")+ISNUMBER(SEARCH(发货单!$E$18,产品库!$A$2:$A$5305))+ISNUMBER(SEARCH(发货单!$E$18,产品库!$B$2:$B$5305))>0),ROW(产品库!$A$2:$A$5305)-1),ROW()-1)),"")} | B2: {=IFERROR(INDEX(产品库!$A$2:$A$5305,SMALL(IF((发货单!$B$42<>"")*ISNUMBER(SEARCH(发货单!$B$42,产品库!$E$2:$E$5305))*((发货单!$E$42="")+ISNUMBER(SEARCH(发货单!$E$42,产品库!$A$2:$A$5305))+ISNUMBER(SEARCH(发货单!$E$42,产品库!$B$2:$B$5305))>0),ROW(产品库!$A$2:$A$5305)-1),ROW()-1)),"")} | C2: {=IFERROR(INDEX(产品库!$A$2:$A$5305,SMALL(IF((发货单!$B$66<>"")*ISNUMBER(SEARCH(发货单!$B$66,产品库!$E$2:$E$5305))*((发货单!$E$66="")+ISNUMBER(SEARCH(发货单!$E$66,产品库!$A$2:$A$5305))+ISNUMBER(SEARCH(发货单!$E$66,产品库!$B$2:$B$5305))>0),ROW(产品库!$A$2:$A$5305)-1),ROW()-1)),"")} | D2: {=IFERROR(INDEX(产品库!$A$2:$A$5305,SMALL(IF((发货单!$B$90<>"")*ISNUMBER(SEARCH(发货单!$B$90,产品库!$E$2:$E$5305))*((发货单!$E$90="")+ISNUMBER(SEARCH(发货单!$E$90,产品库!$A$2:$A$5305))+ISNUMBER(SEARCH(发货单!$E$90,产品库!$B$2:$B$5305))>0),ROW(产品库!$A$2:$A$5305)-1),ROW()-1)),"")} | F2: {=IFERROR(INDEX(客户库!$A$2:$A$13220,SMALL(IF(((发货单!$F$3="")+ISNUMBER(SEARCH(发货单!$F$3,客户库!$A$2:$A$13220))+ISNUMBER(SEARCH(发货单!$F$3,客户库!$B$2:$B$13220))>0),ROW(客户库!$A$2:$A$13220)-1),ROW()-1)),"")} | G2: {=IFERROR(INDEX(终端客户库!$A$2:$A$1492,SMALL(IF(((发货单!$F$5="")+ISNUMBER(SEARCH(发货单!$F$5,终端客户库!$A$2:$A$1492))>0),ROW(终端客户库!$A$2:$A$1492)-1),ROW()-1)),"")}
A3: {=IFERROR(INDEX(产品库!$A$2:$A$5305,SMALL(IF((发货单!$B$18<>"")*ISNUMBER(SEARCH(发货单!$B$18,产品库!$E$2:$E$5305))*((发货单!$E$18="")+ISNUMBER(SEARCH(发货单!$E$18,产品库!$A$2:$A$5305))+ISNUMBER(SEARCH(发货单!$E$18,产品库!$B$2:$B$5305))>0),ROW(产品库!$A$2:$A$5305)-1),ROW()-1)),"")} | B3: {=IFERROR(INDEX(产品库!$A$2:$A$5305,SMALL(IF((发货单!$B$42<>"")*ISNUMBER(SEARCH(发货单!$B$42,产品库!$E$2:$E$5305))*((发货单!$E$42="")+ISNUMBER(SEARCH(发货单!$E$42,产品库!$A$2:$A$5305))+ISNUMBER(SEARCH(发货单!$E$42,产品库!$B$2:$B$5305))>0),ROW(产品库!$A$2:$A$5305)-1),ROW()-1)),"")} | C3: {=IFERROR(INDEX(产品库!$A$2:$A$5305,SMALL(IF((发货单!$B$66<>"")*ISNUMBER(SEARCH(发货单!$B$66,产品库!$E$2:$E$5305))*((发货单!$E$66="")+ISNUMBER(SEARCH(发货单!$E$66,产品库!$A$2:$A$5305))+ISNUMBER(SEARCH(发货单!$E$66,产品库!$B$2:$B$5305))>0),ROW(产品库!$A$2:$A$5305)-1),ROW()-1)),"")} | D3: {=IFERROR(INDEX(产品库!$A$2:$A$5305,SMALL(IF((发货单!$B$90<>"")*ISNUMBER(SEARCH(发货单!$B$90,产品库!$E$2:$E$5305))*((发货单!$E$90="")+ISNUMBER(SEARCH(发货单!$E$90,产品库!$A$2:$A$5305))+ISNUMBER(SEARCH(发货单!$E$90,产品库!$B$2:$B$5305))>0),ROW(产品库!$A$2:$A$5305)-1),ROW()-1)),"")} | F3: {=IFERROR(INDEX(客户库!$A$2:$A$13220,SMALL(IF(((发货单!$F$3="")+ISNUMBER(SEARCH(发货单!$F$3,客户库!$A$2:$A$13220))+ISNUMBER(SEARCH(发货单!$F$3,客户库!$B$2:$B$13220))>0),ROW(客户库!$A$2:$A$13220)-1),ROW()-1)),"")} | G3: {=IFERROR(INDEX(终端客户库!$A$2:$A$1492,SMALL(IF(((发货单!$F$5="")+ISNUMBER(SEARCH(发货单!$F$5,终端客户库!$A$2:$A$1492))>0),ROW(终端客户库!$A$2:$A$1492)-1),ROW()-1)),"")}
A4: {=IFERROR(INDEX(产品库!$A$2:$A$5305,SMALL(IF((发货单!$B$18<>"")*ISNUMBER(SEARCH(发货单!$B$18,产品库!$E$2:$E$5305))*((发货单!$E$18="")+ISNUMBER(SEARCH(发货单!$E$18,产品库!$A$2:$A$5305))+ISNUMBER(SEARCH(发货单!$E$18,产品库!$B$2:$B$5305))>0),ROW(产品库!$A$2:$A$5305)-1),ROW()-1)),"")} | B4: {=IFERROR(INDEX(产品库!$A$2:$A$5305,SMALL(IF((发货单!$B$42<>"")*ISNUMBER(SEARCH(发货单!$B$42,产品库!$E$2:$E$5305))*((发货单!$E$42="")+ISNUMBER(SEARCH(发货单!$E$42,产品库!$A$2:$A$5305))+ISNUMBER(SEARCH(发货单!$E$42,产品库!$B$2:$B$5305))>0),ROW(产品库!$A$2:$A$5305)-1),ROW()-1)),"")} | C4: {=IFERROR(INDEX(产品库!$A$2:$A$5305,SMALL(IF((发货单!$B$66<>"")*ISNUMBER(SEARCH(发货单!$B$66,产品库!$E$2:$E$5305))*((发货单!$E$66="")+ISNUMBER(SEARCH(发货单!$E$66,产品库!$A$2:$A$5305))+ISNUMBER(SEARCH(发货单!$E$66,产品库!$B$2:$B$5305))>0),ROW(产品库!$A$2:$A$5305)-1),ROW()-1)),"")} | D4: {=IFERROR(INDEX(产品库!$A$2:$A$5305,SMALL(IF((发货单!$B$90<>"")*ISNUMBER(SEARCH(发货单!$B$90,产品库!$E$2:$E$5305))*((发货单!$E$90="")+ISNUMBER(SEARCH(发货单!$E$90,产品库!$A$2:$A$5305))+ISNUMBER(SEARCH(发货单!$E$90,产品库!$B$2:$B$5305))>0),ROW(产品库!$A$2:$A$5305)-1),ROW()-1)),"")} | F4: {=IFERROR(INDEX(客户库!$A$2:$A$13220,SMALL(IF(((发货单!$F$3="")+ISNUMBER(SEARCH(发货单!$F$3,客户库!$A$2:$A$13220))+ISNUMBER(SEARCH(发货单!$F$3,客户库!$B$2:$B$13220))>0),ROW(客户库!$A$2:$A$13220)-1),ROW()-1)),"")} | G4: {=IFERROR(INDEX(终端客户库!$A$2:$A$1492,SMALL(IF(((发货单!$F$5="")+ISNUMBER(SEARCH(发货单!$F$5,终端客户库!$A$2:$A$1492))>0),ROW(终端客户库!$A$2:$A$1492)-1),ROW()-1)),"")}
A5: {=IFERROR(INDEX(产品库!$A$2:$A$5305,SMALL(IF((发货单!$B$18<>"")*ISNUMBER(SEARCH(发货单!$B$18,产品库!$E$2:$E$5305))*((发货单!$E$18="")+ISNUMBER(SEARCH(发货单!$E$18,产品库!$A$2:$A$5305))+ISNUMBER(SEARCH(发货单!$E$18,产品库!$B$2:$B$5305))>0),ROW(产品库!$A$2:$A$5305)-1),ROW()-1)),"")} | B5: {=IFERROR(INDEX(产品库!$A$2:$A$5305,SMALL(IF((发货单!$B$42<>"")*ISNUMBER(SEARCH(发货单!$B$42,产品库!$E$2:$E$5305))*((发货单!$E$42="")+ISNUMBER(SEARCH(发货单!$E$42,产品库!$A$2:$A$5305))+ISNUMBER(SEARCH(发货单!$E$42,产品库!$B$2:$B$5305))>0),ROW(产品库!$A$2:$A$5305)-1),ROW()-1)),"")} | C5: {=IFERROR(INDEX(产品库!$A$2:$A$5305,SMALL(IF((发货单!$B$66<>"")*ISNUMBER(SEARCH(发货单!$B$66,产品库!$E$2:$E$5305))*((发货单!$E$66="")+ISNUMBER(SEARCH(发货单!$E$66,产品库!$A$2:$A$5305))+ISNUMBER(SEARCH(发货单!$E$66,产品库!$B$2:$B$5305))>0),ROW(产品库!$A$2:$A$5305)-1),ROW()-1)),"")} | D5: {=IFERROR(INDEX(产品库!$A$2:$A$5305,SMALL(IF((发货单!$B$90<>"")*ISNUMBER(SEARCH(发货单!$B$90,产品库!$E$2:$E$5305))*((发货单!$E$90="")+ISNUMBER(SEARCH(发货单!$E$90,产品库!$A$2:$A$5305))+ISNUMBER(SEARCH(发货单!$E$90,产品库!$B$2:$B$5305))>0),ROW(产品库!$A$2:$A$5305)-1),ROW()-1)),"")} | F5: {=IFERROR(INDEX(客户库!$A$2:$A$13220,SMALL(IF(((发货单!$F$3="")+ISNUMBER(SEARCH(发货单!$F$3,客户库!$A$2:$A$13220))+ISNUMBER(SEARCH(发货单!$F$3,客户库!$B$2:$B$13220))>0),ROW(客户库!$A$2:$A$13220)-1),ROW()-1)),"")} | G5: {=IFERROR(INDEX(终端客户库!$A$2:$A$1492,SMALL(IF(((发货单!$F$5="")+ISNUMBER(SEARCH(发货单!$F$5,终端客户库!$A$2:$A$1492))>0),ROW(终端客户库!$A$2:$A$1492)-1),ROW()-1)),"")}
A6: {=IFERROR(INDEX(产品库!$A$2:$A$5305,SMALL(IF((发货单!$B$18<>"")*ISNUMBER(SEARCH(发货单!$B$18,产品库!$E$2:$E$5305))*((发货单!$E$18="")+ISNUMBER(SEARCH(发货单!$E$18,产品库!$A$2:$A$5305))+ISNUMBER(SEARCH(发货单!$E$18,产品库!$B$2:$B$5305))>0),ROW(产品库!$A$2:$A$5305)-1),ROW()-1)),"")} | B6: {=IFERROR(INDEX(产品库!$A$2:$A$5305,SMALL(IF((发货单!$B$42<>"")*ISNUMBER(SEARCH(发货单!$B$42,产品库!$E$2:$E$5305))*((发货单!$E$42="")+ISNUMBER(SEARCH(发货单!$E$42,产品库!$A$2:$A$5305))+ISNUMBER(SEARCH(发货单!$E$42,产品库!$B$2:$B$5305))>0),ROW(产品库!$A$2:$A$5305)-1),ROW()-1)),"")} | C6: {=IFERROR(INDEX(产品库!$A$2:$A$5305,SMALL(IF((发货单!$B$66<>"")*ISNUMBER(SEARCH(发货单!$B$66,产品库!$E$2:$E$5305))*((发货单!$E$66="")+ISNUMBER(SEARCH(发货单!$E$66,产品库!$A$2:$A$5305))+ISNUMBER(SEARCH(发货单!$E$66,产品库!$B$2:$B$5305))>0),ROW(产品库!$A$2:$A$5305)-1),ROW()-1)),"")} | D6: {=IFERROR(INDEX(产品库!$A$2:$A$5305,SMALL(IF((发货单!$B$90<>"")*ISNUMBER(SEARCH(发货单!$B$90,产品库!$E$2:$E$5305))*((发货单!$E$90="")+ISNUMBER(SEARCH(发货单!$E$90,产品库!$A$2:$A$5305))+ISNUMBER(SEARCH(发货单!$E$90,产品库!$B$2:$B$5305))>0),ROW(产品库!$A$2:$A$5305)-1),ROW()-1)),"")} | F6: {=IFERROR(INDEX(客户库!$A$2:$A$13220,SMALL(IF(((发货单!$F$3="")+ISNUMBER(SEARCH(发货单!$F$3,客户库!$A$2:$A$13220))+ISNUMBER(SEARCH(发货单!$F$3,客户库!$B$2:$B$13220))>0),ROW(客户库!$A$2:$A$13220)-1),ROW()-1)),"")} | G6: {=IFERROR(INDEX(终端客户库!$A$2:$A$1492,SMALL(IF(((发货单!$F$5="")+ISNUMBER(SEARCH(发货单!$F$5,终端客户库!$A$2:$A$1492))>0),ROW(终端客户库!$A$2:$A$1492)-1),ROW()-1)),"")}
A7: {=IFERROR(INDEX(产品库!$A$2:$A$5305,SMALL(IF((发货单!$B$18<>"")*ISNUMBER(SEARCH(发货单!$B$18,产品库!$E$2:$E$5305))*((发货单!$E$18="")+ISNUMBER(SEARCH(发货单!$E$18,产品库!$A$2:$A$5305))+ISNUMBER(SEARCH(发货单!$E$18,产品库!$B$2:$B$5305))>0),ROW(产品库!$A$2:$A$5305)-1),ROW()-1)),"")} | B7: {=IFERROR(INDEX(产品库!$A$2:$A$5305,SMALL(IF((发货单!$B$42<>"")*ISNUMBER(SEARCH(发货单!$B$42,产品库!$E$2:$E$5305))*((发货单!$E$42="")+ISNUMBER(SEARCH(发货单!$E$42,产品库!$A$2:$A$5305))+ISNUMBER(SEARCH(发货单!$E$42,产品库!$B$2:$B$5305))>0),ROW(产品库!$A$2:$A$5305)-1),ROW()-1)),"")} | C7: {=IFERROR(INDEX(产品库!$A$2:$A$5305,SMALL(IF((发货单!$B$66<>"")*ISNUMBER(SEARCH(发货单!$B$66,产品库!$E$2:$E$5305))*((发货单!$E$66="")+ISNUMBER(SEARCH(发货单!$E$66,产品库!$A$2:$A$5305))+ISNUMBER(SEARCH(发货单!$E$66,产品库!$B$2:$B$5305))>0),ROW(产品库!$A$2:$A$5305)-1),ROW()-1)),"")} | D7: {=IFERROR(INDEX(产品库!$A$2:$A$5305,SMALL(IF((发货单!$B$90<>"")*ISNUMBER(SEARCH(发货单!$B$90,产品库!$E$2:$E$5305))*((发货单!$E$90="")+ISNUMBER(SEARCH(发货单!$E$90,产品库!$A$2:$A$5305))+ISNUMBER(SEARCH(发货单!$E$90,产品库!$B$2:$B$5305))>0),ROW(产品库!$A$2:$A$5305)-1),ROW()-1)),"")} | F7: {=IFERROR(INDEX(客户库!$A$2:$A$13220,SMALL(IF(((发货单!$F$3="")+ISNUMBER(SEARCH(发货单!$F$3,客户库!$A$2:$A$13220))+ISNUMBER(SEARCH(发货单!$F$3,客户库!$B$2:$B$13220))>0),ROW(客户库!$A$2:$A$13220)-1),ROW()-1)),"")} | G7: {=IFERROR(INDEX(终端客户库!$A$2:$A$1492,SMALL(IF(((发货单!$F$5="")+ISNUMBER(SEARCH(发货单!$F$5,终端客户库!$A$2:$A$1492))>0),ROW(终端客户库!$A$2:$A$1492)-1),ROW()-1)),"")}
A8: {=IFERROR(INDEX(产品库!$A$2:$A$5305,SMALL(IF((发货单!$B$18<>"")*ISNUMBER(SEARCH(发货单!$B$18,产品库!$E$2:$E$5305))*((发货单!$E$18="")+ISNUMBER(SEARCH(发货单!$E$18,产品库!$A$2:$A$5305))+ISNUMBER(SEARCH(发货单!$E$18,产品库!$B$2:$B$5305))>0),ROW(产品库!$A$2:$A$5305)-1),ROW()-1)),"")} | B8: {=IFERROR(INDEX(产品库!$A$2:$A$5305,SMALL(IF((发货单!$B$42<>"")*ISNUMBER(SEARCH(发货单!$B$42,产品库!$E$2:$E$5305))*((发货单!$E$42="")+ISNUMBER(SEARCH(发货单!$E$42,产品库!$A$2:$A$5305))+ISNUMBER(SEARCH(发货单!$E$42,产品库!$B$2:$B$5305))>0),ROW(产品库!$A$2:$A$5305)-1),ROW()-1)),"")} | C8: {=IFERROR(INDEX(产品库!$A$2:$A$5305,SMALL(IF((发货单!$B$66<>"")*ISNUMBER(SEARCH(发货单!$B$66,产品库!$E$2:$E$5305))*((发货单!$E$66="")+ISNUMBER(SEARCH(发货单!$E$66,产品库!$A$2:$A$5305))+ISNUMBER(SEARCH(发货单!$E$66,产品库!$B$2:$B$5305))>0),ROW(产品库!$A$2:$A$5305)-1),ROW()-1)),"")} | D8: {=IFERROR(INDEX(产品库!$A$2:$A$5305,SMALL(IF((发货单!$B$90<>"")*ISNUMBER(SEARCH(发货单!$B$90,产品库!$E$2:$E$5305))*((发货单!$E$90="")+ISNUMBER(SEARCH(发货单!$E$90,产品库!$A$2:$A$5305))+ISNUMBER(SEARCH(发货单!$E$90,产品库!$B$2:$B$5305))>0),ROW(产品库!$A$2:$A$5305)-1),ROW()-1)),"")} | F8: {=IFERROR(INDEX(客户库!$A$2:$A$13220,SMALL(IF(((发货单!$F$3="")+ISNUMBER(SEARCH(发货单!$F$3,客户库!$A$2:$A$13220))+ISNUMBER(SEARCH(发货单!$F$3,客户库!$B$2:$B$13220))>0),ROW(客户库!$A$2:$A$13220)-1),ROW()-1)),"")} | G8: {=IFERROR(INDEX(终端客户库!$A$2:$A$1492,SMALL(IF(((发货单!$F$5="")+ISNUMBER(SEARCH(发货单!$F$5,终端客户库!$A$2:$A$1492))>0),ROW(终端客户库!$A$2:$A$1492)-1),ROW()-1)),"")}
A9: {=IFERROR(INDEX(产品库!$A$2:$A$5305,SMALL(IF((发货单!$B$18<>"")*ISNUMBER(SEARCH(发货单!$B$18,产品库!$E$2:$E$5305))*((发货单!$E$18="")+ISNUMBER(SEARCH(发货单!$E$18,产品库!$A$2:$A$5305))+ISNUMBER(SEARCH(发货单!$E$18,产品库!$B$2:$B$5305))>0),ROW(产品库!$A$2:$A$5305)-1),ROW()-1)),"")} | B9: {=IFERROR(INDEX(产品库!$A$2:$A$5305,SMALL(IF((发货单!$B$42<>"")*ISNUMBER(SEARCH(发货单!$B$42,产品库!$E$2:$E$5305))*((发货单!$E$42="")+ISNUMBER(SEARCH(发货单!$E$42,产品库!$A$2:$A$5305))+ISNUMBER(SEARCH(发货单!$E$42,产品库!$B$2:$B$5305))>0),ROW(产品库!$A$2:$A$5305)-1),ROW()-1)),"")} | C9: {=IFERROR(INDEX(产品库!$A$2:$A$5305,SMALL(IF((发货单!$B$66<>"")*ISNUMBER(SEARCH(发货单!$B$66,产品库!$E$2:$E$5305))*((发货单!$E$66="")+ISNUMBER(SEARCH(发货单!$E$66,产品库!$A$2:$A$5305))+ISNUMBER(SEARCH(发货单!$E$66,产品库!$B$2:$B$5305))>0),ROW(产品库!$A$2:$A$5305)-1),ROW()-1)),"")} | D9: {=IFERROR(INDEX(产品库!$A$2:$A$5305,SMALL(IF((发货单!$B$90<>"")*ISNUMBER(SEARCH(发货单!$B$90,产品库!$E$2:$E$5305))*((发货单!$E$90="")+ISNUMBER(SEARCH(发货单!$E$90,产品库!$A$2:$A$5305))+ISNUMBER(SEARCH(发货单!$E$90,产品库!$B$2:$B$5305))>0),ROW(产品库!$A$2:$A$5305)-1),ROW()-1)),"")} | F9: {=IFERROR(INDEX(客户库!$A$2:$A$13220,SMALL(IF(((发货单!$F$3="")+ISNUMBER(SEARCH(发货单!$F$3,客户库!$A$2:$A$13220))+ISNUMBER(SEARCH(发货单!$F$3,客户库!$B$2:$B$13220))>0),ROW(客户库!$A$2:$A$13220)-1),ROW()-1)),"")} | G9: {=IFERROR(INDEX(终端客户库!$A$2:$A$1492,SMALL(IF(((发货单!$F$5="")+ISNUMBER(SEARCH(发货单!$F$5,终端客户库!$A$2:$A$1492))>0),ROW(终端客户库!$A$2:$A$1492)-1),ROW()-1)),"")}
A10: {=IFERROR(INDEX(产品库!$A$2:$A$5305,SMALL(IF((发货单!$B$18<>"")*ISNUMBER(SEARCH(发货单!$B$18,产品库!$E$2:$E$5305))*((发货单!$E$18="")+ISNUMBER(SEARCH(发货单!$E$18,产品库!$A$2:$A$5305))+ISNUMBER(SEARCH(发货单!$E$18,产品库!$B$2:$B$5305))>0),ROW(产品库!$A$2:$A$5305)-1),ROW()-1)),"")} | B10: {=IFERROR(INDEX(产品库!$A$2:$A$5305,SMALL(IF((发货单!$B$42<>"")*ISNUMBER(SEARCH(发货单!$B$42,产品库!$E$2:$E$5305))*((发货单!$E$42="")+ISNUMBER(SEARCH(发货单!$E$42,产品库!$A$2:$A$5305))+ISNUMBER(SEARCH(发货单!$E$42,产品库!$B$2:$B$5305))>0),ROW(产品库!$A$2:$A$5305)-1),ROW()-1)),"")} | C10: {=IFERROR(INDEX(产品库!$A$2:$A$5305,SMALL(IF((发货单!$B$66<>"")*ISNUMBER(SEARCH(发货单!$B$66,产品库!$E$2:$E$5305))*((发货单!$E$66="")+ISNUMBER(SEARCH(发货单!$E$66,产品库!$A$2:$A$5305))+ISNUMBER(SEARCH(发货单!$E$66,产品库!$B$2:$B$5305))>0),ROW(产品库!$A$2:$A$5305)-1),ROW()-1)),"")} | D10: {=IFERROR(INDEX(产品库!$A$2:$A$5305,SMALL(IF((发货单!$B$90<>"")*ISNUMBER(SEARCH(发货单!$B$90,产品库!$E$2:$E$5305))*((发货单!$E$90="")+ISNUMBER(SEARCH(发货单!$E$90,产品库!$A$2:$A$5305))+ISNUMBER(SEARCH(发货单!$E$90,产品库!$B$2:$B$5305))>0),ROW(产品库!$A$2:$A$5305)-1),ROW()-1)),"")} | F10: {=IFERROR(INDEX(客户库!$A$2:$A$13220,SMALL(IF(((发货单!$F$3="")+ISNUMBER(SEARCH(发货单!$F$3,客户库!$A$2:$A$13220))+ISNUMBER(SEARCH(发货单!$F$3,客户库!$B$2:$B$13220))>0),ROW(客户库!$A$2:$A$13220)-1),ROW()-1)),"")} | G10: {=IFERROR(INDEX(终端客户库!$A$2:$A$1492,SMALL(IF(((发货单!$F$5="")+ISNUMBER(SEARCH(发货单!$F$5,终端客户库!$A$2:$A$1492))>0),ROW(终端客户库!$A$2:$A$1492)-1),ROW()-1)),"")}
A11: {=IFERROR(INDEX(产品库!$A$2:$A$5305,SMALL(IF((发货单!$B$18<>"")*ISNUMBER(SEARCH(发货单!$B$18,产品库!$E$2:$E$5305))*((发货单!$E$18="")+ISNUMBER(SEARCH(发货单!$E$18,产品库!$A$2:$A$5305))+ISNUMBER(SEARCH(发货单!$E$18,产品库!$B$2:$B$5305))>0),ROW(产品库!$A$2:$A$5305)-1),ROW()-1)),"")} | B11: {=IFERROR(INDEX(产品库!$A$2:$A$5305,SMALL(IF((发货单!$B$42<>"")*ISNUMBER(SEARCH(发货单!$B$42,产品库!$E$2:$E$5305))*((发货单!$E$42="")+ISNUMBER(SEARCH(发货单!$E$42,产品库!$A$2:$A$5305))+ISNUMBER(SEARCH(发货单!$E$42,产品库!$B$2:$B$5305))>0),ROW(产品库!$A$2:$A$5305)-1),ROW()-1)),"")} | C11: {=IFERROR(INDEX(产品库!$A$2:$A$5305,SMALL(IF((发货单!$B$66<>"")*ISNUMBER(SEARCH(发货单!$B$66,产品库!$E$2:$E$5305))*((发货单!$E$66="")+ISNUMBER(SEARCH(发货单!$E$66,产品库!$A$2:$A$5305))+ISNUMBER(SEARCH(发货单!$E$66,产品库!$B$2:$B$5305))>0),ROW(产品库!$A$2:$A$5305)-1),ROW()-1)),"")} | D11: {=IFERROR(INDEX(产品库!$A$2:$A$5305,SMALL(IF((发货单!$B$90<>"")*ISNUMBER(SEARCH(发货单!$B$90,产品库!$E$2:$E$5305))*((发货单!$E$90="")+ISNUMBER(SEARCH(发货单!$E$90,产品库!$A$2:$A$5305))+ISNUMBER(SEARCH(发货单!$E$90,产品库!$B$2:$B$5305))>0),ROW(产品库!$A$2:$A$5305)-1),ROW()-1)),"")} | F11: {=IFERROR(INDEX(客户库!$A$2:$A$13220,SMALL(IF(((发货单!$F$3="")+ISNUMBER(SEARCH(发货单!$F$3,客户库!$A$2:$A$13220))+ISNUMBER(SEARCH(发货单!$F$3,客户库!$B$2:$B$13220))>0),ROW(客户库!$A$2:$A$13220)-1),ROW()-1)),"")} | G11: {=IFERROR(INDEX(终端客户库!$A$2:$A$1492,SMALL(IF(((发货单!$F$5="")+ISNUMBER(SEARCH(发货单!$F$5,终端客户库!$A$2:$A$1492))>0),ROW(终端客户库!$A$2:$A$1492)-1),ROW()-1)),"")}
A12: {=IFERROR(INDEX(产品库!$A$2:$A$5305,SMALL(IF((发货单!$B$18<>"")*ISNUMBER(SEARCH(发货单!$B$18,产品库!$E$2:$E$5305))*((发货单!$E$18="")+ISNUMBER(SEARCH(发货单!$E$18,产品库!$A$2:$A$5305))+ISNUMBER(SEARCH(发货单!$E$18,产品库!$B$2:$B$5305))>0),ROW(产品库!$A$2:$A$5305)-1),ROW()-1)),"")} | B12: {=IFERROR(INDEX(产品库!$A$2:$A$5305,SMALL(IF((发货单!$B$42<>"")*ISNUMBER(SEARCH(发货单!$B$42,产品库!$E$2:$E$5305))*((发货单!$E$42="")+ISNUMBER(SEARCH(发货单!$E$42,产品库!$A$2:$A$5305))+ISNUMBER(SEARCH(发货单!$E$42,产品库!$B$2:$B$5305))>0),ROW(产品库!$A$2:$A$5305)-1),ROW()-1)),"")} | C12: {=IFERROR(INDEX(产品库!$A$2:$A$5305,SMALL(IF((发货单!$B$66<>"")*ISNUMBER(SEARCH(发货单!$B$66,产品库!$E$2:$E$5305))*((发货单!$E$66="")+ISNUMBER(SEARCH(发货单!$E$66,产品库!$A$2:$A$5305))+ISNUMBER(SEARCH(发货单!$E$66,产品库!$B$2:$B$5305))>0),ROW(产品库!$A$2:$A$5305)-1),ROW()-1)),"")} | D12: {=IFERROR(INDEX(产品库!$A$2:$A$5305,SMALL(IF((发货单!$B$90<>"")*ISNUMBER(SEARCH(发货单!$B$90,产品库!$E$2:$E$5305))*((发货单!$E$90="")+ISNUMBER(SEARCH(发货单!$E$90,产品库!$A$2:$A$5305))+ISNUMBER(SEARCH(发货单!$E$90,产品库!$B$2:$B$5305))>0),ROW(产品库!$A$2:$A$5305)-1),ROW()-1)),"")} | F12: {=IFERROR(INDEX(客户库!$A$2:$A$13220,SMALL(IF(((发货单!$F$3="")+ISNUMBER(SEARCH(发货单!$F$3,客户库!$A$2:$A$13220))+ISNUMBER(SEARCH(发货单!$F$3,客户库!$B$2:$B$13220))>0),ROW(客户库!$A$2:$A$13220)-1),ROW()-1)),"")} | G12: {=IFERROR(INDEX(终端客户库!$A$2:$A$1492,SMALL(IF(((发货单!$F$5="")+ISNUMBER(SEARCH(发货单!$F$5,终端客户库!$A$2:$A$1492))>0),ROW(终端客户库!$A$2:$A$1492)-1),ROW()-1)),"")}
A13: {=IFERROR(INDEX(产品库!$A$2:$A$5305,SMALL(IF((发货单!$B$18<>"")*ISNUMBER(SEARCH(发货单!$B$18,产品库!$E$2:$E$5305))*((发货单!$E$18="")+ISNUMBER(SEARCH(发货单!$E$18,产品库!$A$2:$A$5305))+ISNUMBER(SEARCH(发货单!$E$18,产品库!$B$2:$B$5305))>0),ROW(产品库!$A$2:$A$5305)-1),ROW()-1)),"")} | B13: {=IFERROR(INDEX(产品库!$A$2:$A$5305,SMALL(IF((发货单!$B$42<>"")*ISNUMBER(SEARCH(发货单!$B$42,产品库!$E$2:$E$5305))*((发货单!$E$42="")+ISNUMBER(SEARCH(发货单!$E$42,产品库!$A$2:$A$5305))+ISNUMBER(SEARCH(发货单!$E$42,产品库!$B$2:$B$5305))>0),ROW(产品库!$A$2:$A$5305)-1),ROW()-1)),"")} | C13: {=IFERROR(INDEX(产品库!$A$2:$A$5305,SMALL(IF((发货单!$B$66<>"")*ISNUMBER(SEARCH(发货单!$B$66,产品库!$E$2:$E$5305))*((发货单!$E$66="")+ISNUMBER(SEARCH(发货单!$E$66,产品库!$A$2:$A$5305))+ISNUMBER(SEARCH(发货单!$E$66,产品库!$B$2:$B$5305))>0),ROW(产品库!$A$2:$A$5305)-1),ROW()-1)),"")} | D13: {=IFERROR(INDEX(产品库!$A$2:$A$5305,SMALL(IF((发货单!$B$90<>"")*ISNUMBER(SEARCH(发货单!$B$90,产品库!$E$2:$E$5305))*((发货单!$E$90="")+ISNUMBER(SEARCH(发货单!$E$90,产品库!$A$2:$A$5305))+ISNUMBER(SEARCH(发货单!$E$90,产品库!$B$2:$B$5305))>0),ROW(产品库!$A$2:$A$5305)-1),ROW()-1)),"")} | F13: {=IFERROR(INDEX(客户库!$A$2:$A$13220,SMALL(IF(((发货单!$F$3="")+ISNUMBER(SEARCH(发货单!$F$3,客户库!$A$2:$A$13220))+ISNUMBER(SEARCH(发货单!$F$3,客户库!$B$2:$B$13220))>0),ROW(客户库!$A$2:$A$13220)-1),ROW()-1)),"")} | G13: {=IFERROR(INDEX(终端客户库!$A$2:$A$1492,SMALL(IF(((发货单!$F$5="")+ISNUMBER(SEARCH(发货单!$F$5,终端客户库!$A$2:$A$1492))>0),ROW(终端客户库!$A$2:$A$1492)-1),ROW()-1)),"")}
... A41: {=IFERROR(INDEX(产品库!$A$2:$A$5305,SMALL(IF((发货单!$B$18<>"")*ISNUMBER(SEARCH(发货单!$B$18,产品库!$E$2:$E$5305))*((发货单!$E$18="")+ISNUMBER(SEARCH(发货单!$E$18,产品库!$A$2:$A$5305))+ISNUMBER(SEARCH(发货单!$E$18,产品库!$B$2:$B$5305))>0),ROW(产品库!$A$2:$A$5305)-1),ROW()-1)),"")} | B41: {=IFERROR(INDEX(产品库!$A$2:$A$5305,SMALL(IF((发货单!$B$42<>"")*ISNUMBER(SEARCH(发货单!$B$42,产品库!$E$2:$E$5305))*((发货单!$E$42="")+ISNUMBER(SEARCH(发货单!$E$42,产品库!$A$2:$A$5305))+ISNUMBER(SEARCH(发货单!$E$42,产品库!$B$2:$B$5305))>0),ROW(产品库!$A$2:$A$5305)-1),ROW()-1)),"")} | C41: {=IFERROR(INDEX(产品库!$A$2:$A$5305,SMALL(IF((发货单!$B$66<>"")*ISNUMBER(SEARCH(发货单!$B$66,产品库!$E$2:$E$5305))*((发货单!$E$66="")+ISNUMBER(SEARCH(发货单!$E$66,产品库!$A$2:$A$5305))+ISNUMBER(SEARCH(发货单!$E$66,产品库!$B$2:$B$5305))>0),ROW(产品库!$A$2:$A$5305)-1),ROW()-1)),"")} | D41: {=IFERROR(INDEX(产品库!$A$2:$A$5305,SMALL(IF((发货单!$B$90<>"")*ISNUMBER(SEARCH(发货单!$B$90,产品库!$E$2:$E$5305))*((发货单!$E$90="")+ISNUMBER(SEARCH(发货单!$E$90,产品库!$A$2:$A$5305))+ISNUMBER(SEARCH(发货单!$E$90,产品库!$B$2:$B$5305))>0),ROW(产品库!$A$2:$A$5305)-1),ROW()-1)),"")} | F41: {=IFERROR(INDEX(客户库!$A$2:$A$13220,SMALL(IF(((发货单!$F$3="")+ISNUMBER(SEARCH(发货单!$F$3,客户库!$A$2:$A$13220))+ISNUMBER(SEARCH(发货单!$F$3,客户库!$B$2:$B$13220))>0),ROW(客户库!$A$2:$A$13220)-1),ROW()-1)),"")} | G41: {=IFERROR(INDEX(终端客户库!$A$2:$A$1492,SMALL(IF(((发货单!$F$5="")+ISNUMBER(SEARCH(发货单!$F$5,终端客户库!$A$2:$A$1492))>0),ROW(终端客户库!$A$2:$A$1492)-1),ROW()-1)),"")}

Sheet 客户库
A1: 客户名称 | B1: 客户编码
A2: "Vinga"LLC | B2: 03992255
A3: ASIA FOOD CENTER SL GMBH | B3: CUST2296
A4: Agmarco Co.,LTD | B4: 0043
A5: BESUL KHAN TRADE LLC | B5: 0013486
A6: Bilal Chicken Centre B.V. | B6: 0082
A7: CHENGYOU INTERNATIONAL CORP | B7: CUST2278
A8: Chimcking mongolia LLC | B8: 1033374
A9: DOSMEDOV INAYAT MOWLAMBERGENOWICH | B9: 0399001
A10: DOUGH MAGIC PTE LTD | B10: 0153000
A11: DUUREN FOOD LLC | B11: 0033530
A12: DUUT KHUNDII LLC | B12: 03010015
... A13220: （停用）贸易——福州中嘉食品贸易有限公司 | B13220: 010462

Sheet 终端客户库
A1: 终端客户
A2: 沈阳
A3: 福州
A4: 百宝汇
A5: 兰州
A6: 熊猫塔塔
A7: 享哆味
A8: 厦门鑫成就
A9: 刘亚
A10: 新依家
A11: 同尘商贸
A12: 郑兆丰超市
... A1492: 宁波鸣优

Sheet 说明
B1: 发货单 Excel 模板 · 使用说明
B3: 1. 表头（第 3~16 行）
B4: 客户名称：两种填法都行——① 在右边「搜客户」里打两三个字（名称或客户编码都可以，
B5: 比如「麦克」或「06080010」），再点 B 列下拉选；② 直接把客户编码打进 B 列。
B6: 填完看同一行最右边：✅ 后面就是匹配到的客户名 + 编码；⚠ 表示没匹配到，换字重选。
B7: 「客户编码」这一行是自动带出来的，不用填（方便你和金蝶对账核对）。
B8: 终端客户：同样先在「搜终端」打字再选；终端客户在金蝶里不一定有编码，选填。
B9: 提货工厂选填：写进金蝶的「业务范围」（一冷/二冷/圣源…），不选就按销售公司自动带。
B10: 车牌号、物流联系人（司机）、司机电话一定要填，对账靠这三样。
B12: 2. 产品区分成四组（第 18 行往下）
B13: 一组 = 一家销售公司。用哪家就在那组的「销售公司」里选，最多四家各一组。
B14: ★ 选完公司，在同一行右边「🔍 搜产品」里打两三个字（也可以打物料编码），
... B44: · 模板每 3 天自动更新产品库（价格和可售公司会变），旧的还能用，新产品可能没有。
